Workbook
Name C_Despesa: '[1]Dades auxiliars'!$N$1:$N$9
Name Dades_Servei: '[2]Dades auxiliars'!$A$1:$J$262
Name T_Despesa: '[1]Dades auxiliars'!$M$1:$M$5

Sheet Càlcul pressupost 
A1: AM Drets Socials (3+2)
A2: Data inici contracte | B2: 44814
A3: Data inici servei | B3: 44875
A4: Data fi del contracte | B4: 45909
D5: Servei | E5: Import 2022 | F5: Import 2023 | G5: Import 2024 | H5: Import 2025 | I5: Import Total IVA inclòs | J5: Import Total IVA exclòs | L5: H2022 | M5: H2023 | N5: H2024 | O5: H2025 | P5: Total
C6: Treball fet real en incidència. Es paga al final | D6: Manteniment correctiu | E6: =ROUND(+G80,2) -> 81339.75 | F6: =+G152 -> 495811.7 | G6: =G223 -> 495410.04 | H6: =+G295 -> 353612.85 | I6: =SUM(E6:H6) -> 1426174.3 | J6: =+ROUND(I6/1.21,3) -> 1178656.5 | K6: =J6/$J$11 -> 0.23506494 | L6: =E80 -> 1745.4877 | M6: =E152 -> 10639.736 | N6: =E223 -> 10631.117 | O6: =E295 -> 7588.2584 | P6: =SUM(L6:O6) -> 30604.599 | Q6: =P6/$P$11 -> 0.2561412
C7: Treball valorat i acceptat. Es paga al final | D7: Manteniment recurrent | E7: =ROUND(+J80+U80,2) -> 258359.54 | F7: =+J152+U152 -> 1136665.1 | G7: =+J223+U223 -> 1177690.8 | H7: =+J295+U295 -> 824339.99 | I7: =SUM(E7:H7) -> 3397055.4 | J7: =+ROUND(I7/1.21,3) -> 2807483.8 | K7: =J7/$J$11 -> 0.55990955 | L7: =H80 -> 3548.2195 | M7: =H152 -> 22538.79 | N7: =H223 -> 23399.749 | O7: =H295 -> 16394.717 | P7: =SUM(L7:O7) -> 65881.475 | Q7: =P7/$P$11 -> 0.55138642
C8: Tarifa plana | D8: Serveis Transversals de Manteniment | E8: =ROUND(+M80,2) -> 69296.42 | F8: =+M152 -> 430131.92 | G8: =+M223 -> 432213.26 | H8: =+M295 -> 312278.95 | I8: =SUM(E8:H8) -> 1243920.6 | J8: =+ROUND(I8/1.21,3) -> 1028033.5 | K8: =J8/$J$11 -> 0.2050255 | L8: =K80 -> 1281.132 | M8: =K152 -> 7952.1524 | N8: =K223 -> 7990.6315 | O8: =K295 -> 5773.3212 | P8: =SUM(L8:O8) -> 22997.237 | Q8: =P8/$P$11 -> 0.19247238
C9: Segons consum | D9: Llicències (incloses a STM) | E9: =+N80 -> 0 | F9: =+N152 -> 0 | G9: =+N223 -> 0 | H9: =+N152*$I$4/365 -> 0 | I9: =SUM(E9:H9) -> 0 | J9: =+ROUND(I9/1.21,2) -> 0 | L9: 0 | M9: 0 | N9: 0 | O9: 0 | P9: =SUM(L9:O9) -> 0
D10: Evolutiu identificat | E10: =Q80 -> 0 | F10: =Q152 -> 0 | G10: =Q223 -> 0 | H10: =Q295 -> 0 | I10: =SUM(E10:H10) -> 0 | J10: =+ROUND(I10/1.21,2) -> 0 | L10: 0 | M10: 0 | N10: 0 | O10: 0 | P10: =SUM(L10:O10) -> 0
D11: Import total licitació | E11: =SUM(E6:E10) -> 408995.71 | F11: =SUM(F6:F8) -> 2062608.7 | G11: =SUM(G6:G8) -> 2105314.1 | H11: =SUM(H6:H8) -> 1490231.8 | I11: =SUM(I6:I10) -> 6067150.3 | J11: =SUM(J6:J10) -> 5014173.8 | K11: =I11-J11 -> 1052976.5 | L11: =SUM(L6:L10) -> 6574.8393 | M11: =SUM(M6:M10) -> 41130.678 | N11: =SUM(N6:N10) -> 42021.497 | O11: =SUM(O6:O10) -> 29756.297 | P11: =SUM(P6:P10) -> 119483.31
A13: ANY 2022 | B13: 2 mesos de transició + 2 mesos de servei | D13: Mesos | E13: 2 | F13: Hores anuals | G13: 1800 | H13: =G13*E13/12 -> 300
A14: Servei | B14: Nom Servei | C14: Codi Aplicació | D14: Nom Aplicació | E14: IT Manteniment correctiu | F14: Preu/hora | G14: € Manteniment correctiu | H14: PT Manteniment recurrent | I14: Preu/hora | J14: € Manteniment recurrent | K14: TT Serveis Transversals de Manteniment | L14: Preu/hora | M14: € STM | N14: € Llicències | O14: PT Evolutiu Identificat | P14: Preu/hora | Q14: € Evolutiu Identificat | R14: Data inici transició | S14: Data inici servei | T14: Mesos transició | U14: € Transició (recurrent) | V14: TOTAL (sense transició) | W14: TOTAL
A15: SER0004 | B15: Ajuts econòmics Serveis Socials | C15: APP0034 | D15: Ajuts Econòmics | E15: 46.494993 | F15: =+Perfils!$G$15 -> 46.6 | G15: =+ROUND(E15*F15,2) -> 2166.67 | H15: 99.542106 | I15: =+Perfils!$G$28 -> 50.23 | J15: =+ROUND(H15*I15,2) -> 5000 | K15: 40.056696 | L15: =+Perfils!$G$41 -> 54.09 | M15: =+ROUND(K15*L15,2) -> 2166.67 | N15: 0 | O15: =+Q15/P15 -> 0 | P15: =+Perfils!$G$28 -> 50.23 | Q15: 0 | R15: =+$B$2 -> 44814 | S15: =+$B$3 -> 44875 | T15: 2 | U15: 2333.3333 | V15: =+G15+J15+M15+N15+Q15 -> 9333.34 | W15: =SUM(U15:V15) -> 11666.673
A16: SER0004 | B16: Ajuts econòmics Serveis Socials | C16: APP0857 | D16: Ajuts Infància | E16: 28.612303 | F16: =+Perfils!$G$15 -> 46.6 | G16: =+ROUND(E16*F16,2) -> 1333.33 | H16: 82.951755 | I16: =+Perfils!$G$28 -> 50.23 | J16: =+ROUND(H16*I16,2) -> 4166.67 | K16: 40.056696 | L16: =+Perfils!$G$41 -> 54.09 | M16: =+ROUND(K16*L16,2) -> 2166.67 | N16: 0 | O16: =+Q16/P16 -> 0 | P16: =+Perfils!$G$28 -> 50.23 | Q16: 0 | R16: =+$B$2 -> 44814 | S16: =+$B$3 -> 44875 | T16: 2 | U16: 1916.6667 | V16: =+G16+J16+M16+N16+Q16 -> 7666.67 | W16: =SUM(U16:V16) -> 9583.3367
A17: SER0004 | B17: Ajuts econòmics Serveis Socials | C17: APP0989 | D17: Campanyes | E17: 35.765379 | F17: =+Perfils!$G$15 -> 46.6 | G17: =+ROUND(E17*F17,2) -> 1666.67 | H17: 99.542106 | I17: =+Perfils!$G$28 -> 50.23 | J17: =+ROUND(H17*I17,2) -> 5000 | K17: 67.788254 | L17: =+Perfils!$G$41 -> 54.09 | M17: =+ROUND(K17*L17,2) -> 3666.67 | N17: 0 | O17: =+Q17/P17 -> 0 | P17: =+Perfils!$G$28 -> 50.23 | Q17: 0 | R17: =+$B$2 -> 44814 | S17: =+$B$3 -> 44875 | T17: 2 | U17: 2583.3333 | V17: =+G17+J17+M17+N17+Q17 -> 10333.34 | W17: =SUM(U17:V17) -> 12916.673
A18: SER0012 | B18: Menjadors Socials | C18: APP0426 | D18: Menjadors | E18: 28.612303 | F18: =+Perfils!$G$15 -> 46.6 | G18: =+ROUND(E18*F18,2) -> 1333.33 | H18: 19.908421 | I18: =+Perfils!$G$28 -> 50.23 | J18: =+ROUND(H18*I18,2) -> 1000 | K18: 12.325137 | L18: =+Perfils!$G$41 -> 54.09 | M18: =+ROUND(K18*L18,2) -> 666.67 | N18: 0 | O18: =+Q18/P18 -> 0 | P18: =+Perfils!$G$28 -> 50.23 | Q18: 0 | R18: =+$B$2 -> 44814 | S18: =+$B$3 -> 44875 | T18: 2 | U18: 750 | V18: =+G18+J18+M18+N18+Q18 -> 3000 | W18: =SUM(U18:V18) -> 3750
A19: SER0018 | B19: Servei d’assistència persones amb discapacitat: | C19: APP0257 | D19: Equip d'Assessorament Laboral | E19: 14.306152 | F19: =+Perfils!$G$15 -> 46.6 | G19: =+ROUND(E19*F19,2) -> 666.67 | H19: 9.9542106 | I19: =+Perfils!$G$28 -> 50.23 | J19: =+ROUND(H19*I19,2) -> 500 | K19: 6.1625686 | L19: =+Perfils!$G$41 -> 54.09 | M19: =+ROUND(K19*L19,2) -> 333.33 | N19: 0 | O19: =+Q19/P19 -> 0 | P19: =+Perfils!$G$28 -> 50.23 | Q19: 0 | R19: =+$B$2 -> 44814 | S19: =+$B$3 -> 44875 | T19: 2 | U19: 375 | V19: =+G19+J19+M19+N19+Q19 -> 1500 | W19: =SUM(U19:V19) -> 1875
A20: SER0018 | B20: Servei d’assistència persones amb discapacitat: | C20: APP0318 | D20: Promoció i suport IMPD | E20: 3.5765379 | F20: =+Perfils!$G$15 -> 46.6 | G20: =+ROUND(E20*F20,2) -> 166.67 | H20: 3.3180702 | I20: =+Perfils!$G$28 -> 50.23 | J20: =+ROUND(H20*I20,2) -> 166.67 | K20: 1.5406421 | L20: =+Perfils!$G$41 -> 54.09 | M20: =+ROUND(K20*L20,2) -> 83.33 | N20: 0 | O20: =+Q20/P20 -> 0 | P20: =+Perfils!$G$28 -> 50.23 | Q20: 0 | R20: =+$B$2 -> 44814 | S20: =+$B$3 -> 44875 | T20: 2 | U20: 104.16667 | V20: =+G20+J20+M20+N20+Q20 -> 416.67 | W20: =SUM(U20:V20) -> 520.83667
A21: SER0018 | B21: Servei d’assistència persones amb discapacitat: | C21: APP0856 | D21: Cens Persones amb Discapacitat | E21: 3.5765379 | F21: =+Perfils!$G$15 -> 46.6 | G21: =+ROUND(E21*F21,2) -> 166.67 | H21: 3.3180702 | I21: =+Perfils!$G$28 -> 50.23 | J21: =+ROUND(H21*I21,2) -> 166.67 | K21: 1.5406421 | L21: =+Perfils!$G$41 -> 54.09 | M21: =+ROUND(K21*L21,2) -> 83.33 | N21: 0 | O21: =+Q21/P21 -> 0 | P21: =+Perfils!$G$28 -> 50.23 | Q21: 0 | R21: =+$B$2 -> 44814 | S21: =+$B$3 -> 44875 | T21: 2 | U21: 104.16667 | V21: =+G21+J21+M21+N21+Q21 -> 416.67 | W21: =SUM(U21:V21) -> 520.83667
A22: SER0011 | B22: Serveis d'assistència a la immigració | C22: APP0598 | D22: SAIER | E22: 14.306152 | F22: =+Perfils!$G$15 -> 46.6 | G22: =+ROUND(E22*F22,2) -> 666.67 | H22: 99.542106 | I22: =+Perfils!$G$28 -> 50.23 | J22: =+ROUND(H22*I22,2) -> 5000 | K22: 9.2438528 | L22: =+Perfils!$G$41 -> 54.09 | M22: =+ROUND(K22*L22,2) -> 500 | N22: 0 | O22: =+Q22/P22 -> 0 | P22: =+Perfils!$G$28 -> 50.23 | Q22: 0 | R22: =+$B$2 -> 44814 | S22: =+$B$3 -> 44875 | T22: 2 | U22: 1541.6667 | V22: =+G22+J22+M22+N22+Q22 -> 6166.67 | W22: =SUM(U22:V22) -> 7708.3367
A23: SER0013 | B23: Equipaments i altres recursos Persones vulnerables | C23: APP1019 | D23: ICR | E23: 14.306152 | F23: =+Perfils!$G$15 -> 46.6 | G23: =+ROUND(E23*F23,2) -> 666.67 | H23: 19.908421 | I23: =+Perfils!$G$28 -> 50.23 | J23: =+ROUND(H23*I23,2) -> 1000 | K23: 6.1625686 | L23: =+Perfils!$G$41 -> 54.09 | M23: =+ROUND(K23*L23,2) -> 333.33 | N23: 0 | O23: =+Q23/P23 -> 0 | P23: =+Perfils!$G$28 -> 50.23 | Q23: 0 | R23: =+$B$2 -> 44814 | S23: =+$B$3 -> 44875 | T23: 2 | U23: 500 | V23: =+G23+J23+M23+N23+Q23 -> 2000 | W23: =SUM(U23:V23) -> 2500
A24: SER0013 | B24: Equipaments i altres recursos Persones vulnerables | C24: APP0608 | D24: Sense Sostre | E24: 14.306152 | F24: =+Perfils!$G$15 -> 46.6 | G24: =+ROUND(E24*F24,2) -> 666.67 | H24: 19.908421 | I24: =+Perfils!$G$28 -> 50.23 | J24: =+ROUND(H24*I24,2) -> 1000 | K24: 9.2438528 | L24: =+Perfils!$G$41 -> 54.09 | M24: =+ROUND(K24*L24,2) -> 500 | N24: 0 | O24: =+Q24/P24 -> 0 | P24: =+Perfils!$G$28 -> 50.23 | Q24: 0 | R24: =+$B$2 -> 44814 | S24: =+$B$3 -> 44875 | T24: 2 | U24: 541.66667 | V24: =+G24+J24+M24+N24+Q24 -> 2166.67 | W24: =SUM(U24:V24) -> 2708.3367
A25: SER0003 | B25: Servei d'Assistència a la Dona | C25: APP0736 | D25: SARA | E25: 17.88269 | F25: =+Perfils!$G$15 -> 46.6 | G25: =+ROUND(E25*F25,2) -> 833.33 | H25: 116.13246 | I25: =+Perfils!$G$28 -> 50.23 | J25: =+ROUND(H25*I25,2) -> 5833.33 | K25: 18.487706 | L25: =+Perfils!$G$41 -> 54.09 | M25: =+ROUND(K25*L25,2) -> 1000 | N25: 0 | O25: =+Q25/P25 -> 0 | P25: =+Perfils!$G$28 -> 50.23 | Q25: 0 | R25: =+$B$2 -> 44814 | S25: =+$B$3 -> 44875 | T25: 2 | U25: 1916.6667 | V25: =+G25+J25+M25+N25+Q25 -> 7666.66 | W25: =SUM(U25:V25) -> 9583.3267
A26: SER0016 | B26: Teleassistència Domiciliària | C26: APP0671 | D26: Teleassistència | E26: 28.612303 | F26: =+Perfils!$G$15 -> 46.6 | G26: =+ROUND(E26*F26,2) -> 1333.33 | H26: 66.361404 | I26: =+Perfils!$G$28 -> 50.23 | J26: =+ROUND(H26*I26,2) -> 3333.33 | K26: 18.487706 | L26: =+Perfils!$G$41 -> 54.09 | M26: =+ROUND(K26*L26,2) -> 1000 | N26: 0 | O26: =+Q26/P26 -> 0 | P26: =+Perfils!$G$28 -> 50.23 | Q26: 0 | R26: =+$B$2 -> 44814 | S26: =+$B$3 -> 44875 | T26: 2 | U26: 1416.6667 | V26: =+G26+J26+M26+N26+Q26 -> 5666.66 | W26: =SUM(U26:V26) -> 7083.3267
... A50: SER0013 | B50: Equipaments i altres recursos Persones vulnerables | C50: APP1093 | D50: Avaluacions | E50: 17.88269 | F50: =+Perfils!$G$15 -> 46.6 | G50: =+ROUND(E50*F50,2) -> 833.33 | H50: 16.590351 | I50: =+Perfils!$G$28 -> 50.23 | J50: =+ROUND(H50*I50,2) -> 833.33 | K50: 9.2438528 | L50: =+Perfils!$G$41 -> 54.09 | M50: =+ROUND(K50*L50,2) -> 500 | N50: 0 | O50: =+Q50/P50 -> 0 | P50: =+Perfils!$G$28 -> 50.23 | Q50: 0 | R50: =+$B$2 -> 44814 | S50: =+$B$3 -> 44875 | T50: 2 | U50: 541.66667 | V50: =+G50+J50+M50+N50+Q50 -> 2166.66 | W50: =SUM(U50:V50) -> 2708.3267
A51: SER0017 | B51: Servei indicadors i explotació de dades | C51: APPXXXX | D51: ETLs | E51: 0 | F51: =+Perfils!$G$15 -> 46.6 | G51: =+ROUND(E51*F51,2) -> 0 | H51: 0 | I51: =+Perfils!$G$28 -> 50.23 | J51: =+ROUND(H51*I51,2) -> 0 | K51: 0 | L51: =+Perfils!$G$41 -> 54.09 | M51: =+ROUND(K51*L51,2) -> 0 | N51: 0 | O51: =+Q51/P51 -> 0 | P51: =+Perfils!$G$28 -> 50.23 | Q51: 0 | V51: =+G51+J51+M51+N51+Q51 -> 0 | W51: =SUM(U51:V51) -> 0
A52: SER0004 | B52: Ajuts econòmics Serveis Socials | C52: APPXXXX | D52: Simulador les meves ajudes | E52: 0 | F52: =+Perfils!$G$15 -> 46.6 | G52: =+ROUND(E52*F52,2) -> 0 | H52: 0 | I52: =+Perfils!$G$28 -> 50.23 | J52: =+ROUND(H52*I52,2) -> 0 | K52: 0 | L52: =+Perfils!$G$41 -> 54.09 | M52: =+ROUND(K52*L52,2) -> 0 | N52: 0 | O52: =+Q52/P52 -> 0 | P52: =+Perfils!$G$28 -> 50.23 | Q52: 0 | U52: 0 | V52: =+G52+J52+M52+N52+Q52 -> 0 | W52: =SUM(U52:V52) -> 0
A53: SER0004 | B53: Equipaments i altres recursos Persones vulnerables | C53: APPXXXX | D53: DSSIEP | E53: 0 | F53: =+Perfils!$G$15 -> 46.6 | G53: =+ROUND(E53*F53,2) -> 0 | H53: 0 | I53: =+Perfils!$G$28 -> 50.23 | J53: =+ROUND(H53*I53,2) -> 0 | K53: 0 | L53: =+Perfils!$G$41 -> 54.09 | M53: =+ROUND(K53*L53,2) -> 0 | N53: 0 | O53: =+Q53/P53 -> 0 | P53: =+Perfils!$G$28 -> 50.23 | Q53: 0 | V53: =+G53+J53+M53+N53+Q53 -> 0 | W53: =SUM(U53:V53) -> 0
A54: SER0018 | B54: Servei d’assistència persones amb discapacitat: | C54: APPXXXX | D54: Targetes reserva estacionament i transport especial | E54: 0 | F54: =+Perfils!$G$15 -> 46.6 | G54: =+ROUND(E54*F54,2) -> 0 | H54: 0 | I54: =+Perfils!$G$28 -> 50.23 | J54: =+ROUND(H54*I54,2) -> 0 | K54: 0 | L54: =+Perfils!$G$41 -> 54.09 | M54: =+ROUND(K54*L54,2) -> 0 | N54: 0 | O54: =+Q54/P54 -> 0 | P54: =+Perfils!$G$28 -> 50.23 | V54: =+G54+J54+M54+N54+Q54 -> 0 | W54: =SUM(U54:V54) -> 0
E55: =SUM(E15:E54) -> 1123.0329 | G55: =SUM(G15:G54) -> 52333.35 | H55: =SUM(H15:H54) -> 2571.5044 | J55: =SUM(J15:J54) -> 129166.66 | K55: =SUM(K15:K54) -> 800.20953 | M55: =SUM(M15:M54) -> 43283.32 | O55: =SUM(O15:O54) -> 0 | Q55: =SUM(Q15:Q54) -> 0 | U55: =SUM(U15:U54) -> 56195.833 | V55: =SUM(V15:V54) -> 224783.33 | W55: =SUM(W15:W54) -> 280979.16
D56: FTE | E56: =(E55/$E$13/8)/20 -> 3.5094778 | H56: =(H55/$E$13/8)/20 -> 8.0359513 | K56: =(K55/$E$13/8)/20 -> 2.5006548
A58: SER0498 | B58: Bústia Ètica | C58: APP0DC1 | D58: G-Bustia | E58: 107.29614 | F58: =+Perfils!$G$15 -> 46.6 | G58: =+ROUND(E58*F58,2) -> 5000 | H58: 49.771053 | I58: =+Perfils!$G$28 -> 50.23 | J58: =+ROUND(H58*I58,2) -> 2500 | K58: 15.406421 | L58: =+Perfils!$G$41 -> 54.09 | M58: =+ROUND(K58*L58,2) -> 833.33 | N58: 0 | O58: =+Q58/P58 -> 0 | P58: =+Perfils!$G$28 -> 50.23 | Q58: 0 | R58: =+$B$2 -> 44814 | S58: =+$B$3 -> 44875 | T58: 2 | U58: 2083.3333 | V58: =+G58+J58+M58+N58+Q58 -> 8333.33 | W58: =SUM(U58:V58) -> 10416.663
A59: SER0397 | B59: Fitxer d'Entitats | C59: APP1071 | D59: Nou Fitxer d'Entitats | E59: 54.72103 | F59: =+Perfils!$G$15 -> 46.6 | G59: =+ROUND(E59*F59,2) -> 2550 | H59: 40.613179 | I59: =+Perfils!$G$28 -> 50.23 | J59: =+ROUND(H59*I59,2) -> 2040 | K59: 9.4287299 | L59: =+Perfils!$G$41 -> 54.09 | M59: =+ROUND(K59*L59,2) -> 510 | N59: 0 | O59: =+Q59/P59 -> 0 | P59: =+Perfils!$G$28 -> 50.23 | Q59: 0 | R59: =+$B$2 -> 44814 | S59: =+$B$3 -> 44875 | T59: 2 | U59: 1275 | V59: =+G59+J59+M59+N59+Q59 -> 5100 | W59: =SUM(U59:V59) -> 6375
A60: SER0022 | B60: Queixes i suggeriments ciutadans IRIS | C60: APP0369 | D60: Incidències reclamacions i Suggeriments Internet (IRIS)_2021 | E60: 80.472103 | F60: =+Perfils!$G$15 -> 46.6 | G60: =+ROUND(E60*F60,2) -> 3750 | H60: 207.37939 | I60: =+Perfils!$G$28 -> 50.23 | J60: =+ROUND(H60*I60,2) -> 10416.67 | K60: 123.25137 | L60: =+Perfils!$G$41 -> 54.09 | M60: =+ROUND(K60*L60,2) -> 6666.67 | N60: 0 | O60: =+Q60/P60 -> 0 | P60: =+Perfils!$G$28 -> 50.23 | Q60: 0 | R60: =+$B$2 -> 44814 | S60: =+$B$3 -> 44875 | T60: 2 | U60: 5208.3333 | V60: =+G60+J60+M60+N60+Q60 -> 20833.34 | W60: =SUM(U60:V60) -> 26041.673
A61: SER0180 | B61: Registre d'activitats i tràmits (RAT) | E61: 13.350393 | F61: =+Perfils!$G$15 -> 46.6 | G61: =+ROUND(E61*F61,2) -> 622.13 | H61: 38.268598 | I61: =+Perfils!$G$28 -> 50.23 | J61: =+ROUND(H61*I61,2) -> 1922.23 | K61: 25.68309 | L61: =+Perfils!$G$41 -> 54.09 | M61: =+ROUND(K61*L61,2) -> 1389.2 | N61: 0 | O61: =+Q61/P61 -> 0 | P61: =+Perfils!$G$28 -> 50.23 | Q61: 0 | R61: =+$B$2 -> 44814 | S61: =+$B$3 -> 44875 | T61: 2 | U61: 983.38958 | V61: =+G61+J61+M61+N61+Q61 -> 3933.56 | W61: =SUM(U61:V61) -> 4916.9496
A62: SER0026 | B62: Troballes | E62: 35.765379 | F62: =+Perfils!$G$15 -> 46.6 | G62: =+ROUND(E62*F62,2) -> 1666.67 | H62: 59.725264 | I62: =+Perfils!$G$28 -> 50.23 | J62: =+ROUND(H62*I62,2) -> 3000 | K62: 36.975411 | L62: =+Perfils!$G$41 -> 54.09 | M62: =+ROUND(K62*L62,2) -> 2000 | N62: 0 | O62: =+Q62/P62 -> 0 | P62: =+Perfils!$G$28 -> 50.23 | Q62: 0 | R62: =+$B$2 -> 44814 | S62: =+$B$3 -> 44875 | T62: 2 | U62: 1666.6667 | V62: =+G62+J62+M62+N62+Q62 -> 6666.67 | W62: =SUM(U62:V62) -> 8333.3367
A63: SER0160 | B63: Sistemes d'informació, tràmits i gestions (ITACA) | C63: APP0016-APP0662 | E63: 52.416309 | F63: =+Perfils!$G$15 -> 46.6 | G63: =+ROUND(E63*F63,2) -> 2442.6 | H63: 154.75151 | I63: =+Perfils!$G$28 -> 50.23 | J63: =+ROUND(H63*I63,2) -> 7773.17 | K63: 67.737105 | L63: =+Perfils!$G$41 -> 54.09 | M63: =+ROUND(K63*L63,2) -> 3663.9 | N63: 0 | O63: =+Q63/P63 -> 0 | P63: =+Perfils!$G$28 -> 50.23 | Q63: 0 | R63: =+$B$2 -> 44814 | S63: =+$B$3 -> 44875 | T63: 2 | U63: 3469.9171 | V63: =+G63+J63+M63+N63+Q63 -> 13879.67 | W63: =SUM(U63:V63) -> 17349.587
A64: SER0022 | B64: Queixes i suggeriments ciutadans IRIS | C64: PDT | D64: IRIS Mòbil | E64: 0 | F64: =+Perfils!$G$15 -> 46.6 | G64: =+ROUND(E64*F64,2) -> 0 | H64: 0 | I64: =+Perfils!$G$28 -> 50.23 | J64: =+ROUND(H64*I64,2) -> 0 | K64: 0 | L64: =+Perfils!$G$41 -> 54.09 | M64: =+ROUND(K64*L64,2) -> 0 | N64: 0 | O64: =+Q64/P64 -> 0 | P64: =+Perfils!$G$28 -> 50.23 | Q64: 0 | R64: =+$B$2 -> 44814 | S64: =+$B$3 -> 44875 | T64: 2 | U64: 0 | V64: =+G64+J64+M64+N64+Q64 -> 0 | W64: =SUM(U64:V64) -> 0
A65: SER0671 | B65: Escriptori d'Atenció Ciutadana | C65: APP1142 | D65: Escriptori d'Atenció Ciutadana | E65: 56.330472 | F65: =+Perfils!$G$15 -> 46.6 | G65: =+ROUND(E65*F65,2) -> 2625 | H65: 94.06729 | I65: =+Perfils!$G$28 -> 50.23 | J65: =+ROUND(H65*I65,2) -> 4725 | K65: 58.236273 | L65: =+Perfils!$G$41 -> 54.09 | M65: =+ROUND(K65*L65,2) -> 3150 | N65: 0 | O65: =+Q65/P65 -> 0 | P65: =+Perfils!$G$28 -> 50.23 | Q65: 0 | R65: =+$B$2 -> 44814 | S65: =+$B$3 -> 44875 | T65: 2 | U65: 2625 | V65: =+G65+J65+M65+N65+Q65 -> 10500 | W65: =SUM(U65:V65) -> 13125
A66: SER0163 | B66: Servei de cita prèvia a les OAC's i Serveis Tècnics | D66: Peanyes (aplicació) | E66: 5.3648069 | F66: =+Perfils!$G$15 -> 46.6 | G66: =+ROUND(E66*F66,2) -> 250 | H66: 8.9587896 | I66: =+Perfils!$G$28 -> 50.23 | J66: =+ROUND(H66*I66,2) -> 450 | K66: 5.5463117 | L66: =+Perfils!$G$41 -> 54.09 | M66: =+ROUND(K66*L66,2) -> 300 | N66: 0 | O66: =+Q66/P66 -> 0 | P66: =+Perfils!$G$28 -> 50.23 | Q66: 0 | R66: =+$B$2 -> 44814 | S66: =+$B$3 -> 44875 | T66: 2 | U66: 250 | V66: =+G66+J66+M66+N66+Q66 -> 1000 | W66: =SUM(U66:V66) -> 1250
A67: SER0163 | B67: Servei de cita prèvia a les OAC's i Serveis Tècnics | D67: Avantprojecte | E67: 0 | F67: =+Perfils!$G$15 -> 46.6 | G67: =+ROUND(E67*F67,2) -> 0 | H67: 0 | I67: =+Perfils!$G$28 -> 50.23 | J67: =+ROUND(H67*I67,2) -> 0 | K67: 0 | L67: =+Perfils!$G$41 -> 54.09 | M67: =+ROUND(K67*L67,2) -> 0 | N67: 0 | O67: =+Q67/P67 -> 0 | P67: =+Perfils!$G$28 -> 50.23 | Q67: 0 | R67: =+$B$2 -> 44814 | S67: =+$B$3 -> 44875 | T67: 2 | U67: 0 | V67: =+G67+J67+M67+N67+Q67 -> 0 | W67: =SUM(U67:V67) -> 0
A68: SER0162 | B68: Quioscos multiserveis | C68: APP0053 | D68: Aplicació de tràmits de Quioscos | E68: 16.094421 | F68: =+Perfils!$G$15 -> 46.6 | G68: =+ROUND(E68*F68,2) -> 750 | H68: 26.876369 | I68: =+Perfils!$G$28 -> 50.23 | J68: =+ROUND(H68*I68,2) -> 1350 | K68: 16.638935 | L68: =+Perfils!$G$41 -> 54.09 | M68: =+ROUND(K68*L68,2) -> 900 | N68: 0 | O68: =+Q68/P68 -> 0 | P68: =+Perfils!$G$28 -> 50.23 | Q68: 0 | R68: =+$B$2 -> 44814 | S68: =+$B$3 -> 44875 | T68: 2 | U68: 750 | V68: =+G68+J68+M68+N68+Q68 -> 3000 | W68: =SUM(U68:V68) -> 3750
A69: PDT | B69: Auto-tramitació | C69: PDTE | D69: Auto-tramitació | E69: 0 | F69: =+Perfils!$G$15 -> 46.6 | G69: =+ROUND(E69*F69,2) -> 0 | H69: 0 | I69: =+Perfils!$G$28 -> 50.23 | J69: =+ROUND(H69*I69,2) -> 0 | K69: 0 | L69: =+Perfils!$G$41 -> 54.09 | M69: =+ROUND(K69*L69,2) -> 0 | N69: 0 | O69: =+Q69/P69 -> 0 | P69: =+Perfils!$G$28 -> 50.23 | Q69: 0 | R69: =+$B$2 -> 44814 | S69: =+$B$3 -> 44875 | T69: 2 | U69: 0 | V69: =+G69+J69+M69+N69+Q69 -> 0 | W69: =SUM(U69:V69) -> 0
A70: SER0152 | B70: QDOC. Normes ISO | C70: APPDC01 | D70: QDOC. Normes ISO | E70: 0 | F70: =+Perfils!$G$15 -> 46.6 | G70: =+ROUND(E70*F70,2) -> 0 | H70: 0 | I70: =+Perfils!$G$28 -> 50.23 | J70: =+ROUND(H70*I70,2) -> 0 | K70: 27.731559 | L70: =+Perfils!$G$41 -> 54.09 | M70: =+ROUND(K70*L70,2) -> 1500 | N70: 0 | O70: =+Q70/P70 -> 0 | P70: =+Perfils!$G$28 -> 50.23 | Q70: 0 | R70: =+$B$2 -> 44814 | S70: =+$B$3 -> 44875 | T70: 2 | U70: 375 | V70: =+G70+J70+M70+N70+Q70 -> 1500 | W70: =SUM(U70:V70) -> 1875
A71: SER0DC3 | B71: Campanya Esport Escolar | C71: APP0DC2 | D71: siecampanyaesportesc | E71: 48.283262 | F71: =+Perfils!$G$15 -> 46.6 | G71: =+ROUND(E71*F71,2) -> 2250 | H71: 59.725264 | I71: =+Perfils!$G$28 -> 50.23 | J71: =+ROUND(H71*I71,2) -> 3000 | K71: 41.597338 | L71: =+Perfils!$G$41 -> 54.09 | M71: =+ROUND(K71*L71,2) -> 2250 | N71: 0 | O71: =+Q71/P71 -> 0 | P71: =+Perfils!$G$28 -> 50.23 | Q71: 0 | R71: =+$B$2 -> 44814 | S71: =+$B$3 -> 44875 | T71: 2 | U71: 1875 | V71: =+G71+J71+M71+N71+Q71 -> 7500 | W71: =SUM(U71:V71) -> 9375
A72: SER0030 | B72: Serveis a Escoles | C72: APP0484-PAE | D72: WPRPAE | E72: 35.407725 | F72: =+Perfils!$G$15 -> 46.6 | G72: =+ROUND(E72*F72,2) -> 1650 | H72: 21.899263 | I72: =+Perfils!$G$28 -> 50.23 | J72: =+ROUND(H72*I72,2) -> 1100 | K72: 16.947064 | L72: =+Perfils!$G$41 -> 54.09 | M72: =+ROUND(K72*L72,2) -> 916.67 | N72: 0 | O72: =+Q72/P72 -> 0 | P72: =+Perfils!$G$28 -> 50.23 | Q72: 0 | R72: =+$B$2 -> 44814 | S72: =+$B$3 -> 44875 | T72: 2 | U72: 916.66667 | V72: =+G72+J72+M72+N72+Q72 -> 3666.67 | W72: =SUM(U72:V72) -> 4583.3367
A73: SER0030 | B73: Serveis a Escoles | C73: NovaAplicació | D73: Consells Escolars Municipals | E73: 24.320458 | F73: =+Perfils!$G$15 -> 46.6 | G73: =+ROUND(E73*F73,2) -> 1133.33 | H73: 22.562877 | I73: =+Perfils!$G$28 -> 50.23 | J73: =+ROUND(H73*I73,2) -> 1133.33 | K73: 7.3950823 | L73: =+Perfils!$G$41 -> 54.09 | M73: =+ROUND(K73*L73,2) -> 400 | N73: 0 | O73: =+Q73/P73 -> 0 | P73: =+Perfils!$G$28 -> 50.23 | Q73: 0 | R73: =+$B$2 -> 44814 | S73: =+$B$3 -> 44875 | T73: 2 | U73: 666.66667 | V73: =+G73+J73+M73+N73+Q73 -> 2666.66 | W73: =SUM(U73:V73) -> 3333.3267
A74: SER0030 | B74: Serveis a Escoles | C74: NovaAplicació | D74: Boulevard Educatiu | E74: 12.160229 | F74: =+Perfils!$G$15 -> 46.6 | G74: =+ROUND(E74*F74,2) -> 566.67 | H74: 11.281439 | I74: =+Perfils!$G$28 -> 50.23 | J74: =+ROUND(H74*I74,2) -> 566.67 | K74: 3.6975411 | L74: =+Perfils!$G$41 -> 54.09 | M74: =+ROUND(K74*L74,2) -> 200 | N74: 0 | O74: =+Q74/P74 -> 0 | P74: =+Perfils!$G$28 -> 50.23 | Q74: 0 | R74: =+$B$2 -> 44814 | S74: =+$B$3 -> 44875 | T74: 2 | U74: 333.33333 | V74: =+G74+J74+M74+N74+Q74 -> 1333.34 | W74: =SUM(U74:V74) -> 1666.6733
A75: PDT | B75: Centre d'acollida d'animals de companyia | C75: NovaAplicació | D75: Centre d'acollida d'animals de companyia | E75: 71.530758 | F75: =+Perfils!$G$15 -> 46.6 | G75: =+ROUND(E75*F75,2) -> 3333.33 | H75: 33.180702 | I75: =+Perfils!$G$28 -> 50.23 | J75: =+ROUND(H75*I75,2) -> 1666.67 | K75: 15.406421 | L75: =+Perfils!$G$41 -> 54.09 | M75: =+ROUND(K75*L75,2) -> 833.33 | N75: 0 | O75: =+Q75/P75 -> 0 | P75: =+Perfils!$G$28 -> 50.23 | Q75: 0 | R75: =+$B$2 -> 44814 | S75: =+$B$3 -> 44875 | T75: 2 | U75: 1458.3333 | V75: =+G75+J75+M75+N75+Q75 -> 5833.33 | W75: =SUM(U75:V75) -> 7291.6633
A76: SER0491 | B76: PDS IBE | D76: Conjunt aplicatius PDS ibe | E76: 8.9413448 | F76: =+Perfils!$G$15 -> 46.6 | G76: =+ROUND(E76*F76,2) -> 416.67 | H76: 147.65412 | I76: =+Perfils!$G$28 -> 50.23 | J76: =+ROUND(H76*I76,2) -> 7416.67 | K76: 9.2438528 | L76: =+Perfils!$G$41 -> 54.09 | M76: =+ROUND(K76*L76,2) -> 500 | N76: 0 | O76: =+Q76/P76 -> 0 | P76: =+Perfils!$G$28 -> 50.23 | Q76: 0 | R76: =+$B$2 -> 44814 | S76: =+$B$3 -> 44875 | V76: =+G76+J76+M76+N76+Q76 -> 8333.34 | W76: =SUM(U76:V76) -> 8333.34
E77: =SUM(E58:E76) -> 622.45483 | G77: =SUM(G58:G76) -> 29006.4 | H77: =SUM(H58:H76) -> 976.71511 | J77: =SUM(J58:J76) -> 49060.41 | K77: =SUM(K58:K76) -> 480.92251 | M77: =SUM(M58:M76) -> 26013.1 | O77: =SUM(O35:O76) -> 0 | Q77: =SUM(Q35:Q76) -> 0 | U77: =SUM(U58:U76) -> 23936.64 | V77: =SUM(V58:V76) -> 104079.91 | W77: =SUM(W58:W76) -> 128016.55
D78: FTE | E78: =(E77/$E$13/8)/20 -> 1.9451713 | H78: =(H77/$E$13/8)/20 -> 3.0522347 | K78: =(K77/$E$13/8)/20 -> 1.5028828
A80: Total | E80: =E55+E77 -> 1745.4877 | G80: =G55+G77 -> 81339.75 | H80: =H55+H77 -> 3548.2195 | J80: =J55+J77 -> 178227.07 | K80: =K55+K77 -> 1281.132 | M80: =M55+M77 -> 69296.42 | N80: =SUM(N15:N54) -> 0 | Q80: =Q54+Q77 -> 0 | U80: =U55+U77 -> 80132.473 | V80: =V55+V77 -> 328863.24 | W80: =W55+W77 -> 408995.71
G81: =G80/V80 -> 0.2473361 | J81: =J80/V80 -> 0.5419489 | M81: =M80/V80 -> 0.21071501
D82: FTE (2 mesos) | E82: =(E80/$E$13/8)/20 -> 5.4546492 | H82: =(H80/$E$13/8)/20 -> 11.088186 | K82: =(K80/$E$13/8)/20 -> 4.0035376
A85: ANY 2023 | D85: Mesos | E85: 12
A86: Servei | B86: Nom Servei | C86: Codi Aplicació | D86: Nom Aplicació | E86: IT Manteniment correctiu | F86: Preu/hora | G86: € Manteniment correctiu | H86: PT Manteniment recurrent | I86: Preu/hora | J86: € Manteniment recurrent | K86: TT Serveis Transversals de Manteniment | L86: Preu/hora | M86: € STM | N86: € Llicències | O86: PT Evolutiu Identificat | P86: Preu/hora | Q86: € Evolutiu Identificat | R86: Data inici transició | S86: Data inici servei | T86: Mesos transició | U86: € Transició (recurrent) | V86: TOTAL | Z86: Part de l'increment per projecte nou
A87: SER0004 | B87: Ajuts econòmics Serveis Socials | C87: APP0034 | D87: Ajuts Econòmics | E87: 278.96996 | F87: =+Perfils!$G$15 -> 46.6 | G87: =+ROUND(E87*F87,2) -> 13000 | H87: 597.25264 | I87: =+Perfils!$G$28 -> 50.23 | J87: =+ROUND(H87*I87,2) -> 30000 | K87: 240.34017 | L87: =+Perfils!$G$41 -> 54.09 | M87: =+ROUND(K87*L87,2) -> 13000 | N87: 0 | O87: =+Q87/P87 -> 0 | P87: =+Perfils!$G$28 -> 50.23 | Q87: 0 | V87: =+G87+J87+M87+N87+Q87 -> 56000 | X87: Incrementar de 16.000 a 30.000€ el recurrent (fluxos genèrics) | Y87: =30000-16000 -> 14000
A88: SER0004 | B88: Ajuts econòmics Serveis Socials | C88: APP0857 | D88: Ajuts Infància | E88: 171.67382 | F88: =+Perfils!$G$15 -> 46.6 | G88: =+ROUND(E88*F88,2) -> 8000 | H88: 497.71053 | I88: =+Perfils!$G$28 -> 50.23 | J88: =+ROUND(H88*I88,2) -> 25000 | K88: 240.34017 | L88: =+Perfils!$G$41 -> 54.09 | M88: =+ROUND(K88*L88,2) -> 13000 | N88: 0 | O88: =+Q88/P88 -> 0 | P88: =+Perfils!$G$28 -> 50.23 | Q88: 0 | V88: =+G88+J88+M88+N88+Q88 -> 46000 | X88: Incrementar de 16.000 a 25.000€ el recurrent | Y88: =25000-16000 -> 9000
A89: SER0004 | B89: Ajuts econòmics Serveis Socials | C89: APP0989 | D89: Campanyes | E89: 214.59227 | F89: =+Perfils!$G$15 -> 46.6 | G89: =+ROUND(E89*F89,2) -> 10000 | H89: 597.25264 | I89: =+Perfils!$G$28 -> 50.23 | J89: =+ROUND(H89*I89,2) -> 30000 | K89: 406.72952 | L89: =+Perfils!$G$41 -> 54.09 | M89: =+ROUND(K89*L89,2) -> 22000 | N89: 0 | O89: =+Q89/P89 -> 0 | P89: =+Perfils!$G$28 -> 50.23 | Q89: 0 | V89: =+G89+J89+M89+N89+Q89 -> 62000 | X89: Incrementar de 21.000 a 30.000€ el recurrent | Y89: =30000-21000 -> 9000
A90: SER0012 | B90: Menjadors Socials | C90: APP0426 | D90: Menjadors | E90: 171.67382 | F90: =+Perfils!$G$15 -> 46.6 | G90: =+ROUND(E90*F90,2) -> 8000 | H90: 119.45053 | I90: =+Perfils!$G$28 -> 50.23 | J90: =+ROUND(H90*I90,2) -> 6000 | K90: 73.950823 | L90: =+Perfils!$G$41 -> 54.09 | M90: =+ROUND(K90*L90,2) -> 4000 | N90: 0 | O90: =+Q90/P90 -> 0 | P90: =+Perfils!$G$28 -> 50.23 | Q90: 0 | V90: =+G90+J90+M90+N90+Q90 -> 18000
A91: SER0018 | B91: Servei d’assistència persones amb discapacitat: | C91: APP0257 | D91: Equip d'Assessorament Laboral | E91: 85.83691 | F91: =+Perfils!$G$15 -> 46.6 | G91: =+ROUND(E91*F91,2) -> 4000 | H91: 59.725264 | I91: =+Perfils!$G$28 -> 50.23 | J91: =+ROUND(H91*I91,2) -> 3000 | K91: 36.975411 | L91: =+Perfils!$G$41 -> 54.09 | M91: =+ROUND(K91*L91,2) -> 2000 | N91: 0 | O91: =+Q91/P91 -> 0 | P91: =+Perfils!$G$28 -> 50.23 | Q91: 0 | V91: =+G91+J91+M91+N91+Q91 -> 9000
A92: SER0018 | B92: Servei d’assistència persones amb discapacitat: | C92: APP0318 | D92: Promoció i suport IMPD | E92: 21.459227 | F92: =+Perfils!$G$15 -> 46.6 | G92: =+ROUND(E92*F92,2) -> 1000 | H92: 19.908421 | I92: =+Perfils!$G$28 -> 50.23 | J92: =+ROUND(H92*I92,2) -> 1000 | K92: 9.2438528 | L92: =+Perfils!$G$41 -> 54.09 | M92: =+ROUND(K92*L92,2) -> 500 | N92: 0 | O92: =+Q92/P92 -> 0 | P92: =+Perfils!$G$28 -> 50.23 | Q92: 0 | V92: =+G92+J92+M92+N92+Q92 -> 2500
A93: SER0018 | B93: Servei d’assistència persones amb discapacitat: | C93: APP0856 | D93: Cens Persones amb Discapacitat | E93: 21.459227 | F93: =+Perfils!$G$15 -> 46.6 | G93: =+ROUND(E93*F93,2) -> 1000 | H93: 19.908421 | I93: =+Perfils!$G$28 -> 50.23 | J93: =+ROUND(H93*I93,2) -> 1000 | K93: 9.2438528 | L93: =+Perfils!$G$41 -> 54.09 | M93: =+ROUND(K93*L93,2) -> 500 | N93: 0 | O93: =+Q93/P93 -> 0 | P93: =+Perfils!$G$28 -> 50.23 | Q93: 0 | V93: =+G93+J93+M93+N93+Q93 -> 2500
A94: SER0011 | B94: Serveis d'assistència a la immigració | C94: APP0598 | D94: SAIER | E94: 85.83691 | F94: =+Perfils!$G$15 -> 46.6 | G94: =+ROUND(E94*F94,2) -> 4000 | H94: 597.25264 | I94: =+Perfils!$G$28 -> 50.23 | J94: =+ROUND(H94*I94,2) -> 30000 | K94: 55.463117 | L94: =+Perfils!$G$41 -> 54.09 | M94: =+ROUND(K94*L94,2) -> 3000 | N94: 0 | O94: =+Q94/P94 -> 0 | P94: =+Perfils!$G$28 -> 50.23 | Q94: 0 | V94: =+G94+J94+M94+N94+Q94 -> 37000 | X94: Incrementar de 6.000 a 30.000 el recurrent | Y94: =30000-6000 -> 24000
A95: SER0013 | B95: Equipaments i altres recursos Persones vulnerables | C95: APP1019 | D95: ICR | E95: 85.83691 | F95: =+Perfils!$G$15 -> 46.6 | G95: =+ROUND(E95*F95,2) -> 4000 | H95: 119.45053 | I95: =+Perfils!$G$28 -> 50.23 | J95: =+ROUND(H95*I95,2) -> 6000 | K95: 36.975411 | L95: =+Perfils!$G$41 -> 54.09 | M95: =+ROUND(K95*L95,2) -> 2000 | N95: 0 | O95: =+Q95/P95 -> 0 | P95: =+Perfils!$G$28 -> 50.23 | Q95: 0 | V95: =+G95+J95+M95+N95+Q95 -> 12000
A96: SER0013 | B96: Equipaments i altres recursos Persones vulnerables | C96: APP0608 | D96: Sense Sostre | E96: 85.83691 | F96: =+Perfils!$G$15 -> 46.6 | G96: =+ROUND(E96*F96,2) -> 4000 | H96: 119.45053 | I96: =+Perfils!$G$28 -> 50.23 | J96: =+ROUND(H96*I96,2) -> 6000 | K96: 55.463117 | L96: =+Perfils!$G$41 -> 54.09 | M96: =+ROUND(K96*L96,2) -> 3000 | N96: 0 | O96: =+Q96/P96 -> 0 | P96: =+Perfils!$G$28 -> 50.23 | Q96: 0 | V96: =+G96+J96+M96+N96+Q96 -> 13000
A97: SER0003 | B97: Servei d'Assistència a la Dona | C97: APP0736 | D97: SARA | E97: 107.29614 | F97: =+Perfils!$G$15 -> 46.6 | G97: =+ROUND(E97*F97,2) -> 5000 | H97: 696.79474 | I97: =+Perfils!$G$28 -> 50.23 | J97: =+ROUND(H97*I97,2) -> 35000 | K97: 110.92623 | L97: =+Perfils!$G$41 -> 54.09 | M97: =+ROUND(K97*L97,2) -> 6000 | N97: 0 | O97: =+Q97/P97 -> 0 | P97: =+Perfils!$G$28 -> 50.23 | Q97: 0 | V97: =+G97+J97+M97+N97+Q97 -> 46000 | X97: Incrementar de 13.000 a 35.000 el recurrent | Y97: =35000-13000 -> 22000
A98: SER0016 | B98: Teleassistència Domiciliària | C98: APP0671 | D98: Teleassistència | E98: 171.67382 | F98: =+Perfils!$G$15 -> 46.6 | G98: =+ROUND(E98*F98,2) -> 8000 | H98: 398.16843 | I98: =+Perfils!$G$28 -> 50.23 | J98: =+ROUND(H98*I98,2) -> 20000 | K98: 110.92623 | L98: =+Perfils!$G$41 -> 54.09 | M98: =+ROUND(K98*L98,2) -> 6000 | N98: 0 | O98: =+Q98/P98 -> 0 | P98: =+Perfils!$G$28 -> 50.23 | Q98: 0 | V98: =+G98+J98+M98+N98+Q98 -> 34000 | X98: Incrementar de 8.000 a 20.000 el recurrent | Y98: =20000-8000 -> 12000
A99: SER0003 | B99: Servei d'Assistència a la Dona | C99: APP0002 | D99: Abordatge Integral Treball Sexual | E99: 107.29614 | F99: =+Perfils!$G$15 -> 46.6 | G99: =+ROUND(E99*F99,2) -> 5000 | H99: 119.45053 | I99: =+Perfils!$G$28 -> 50.23 | J99: =+ROUND(H99*I99,2) -> 6000 | K99: 73.950823 | L99: =+Perfils!$G$41 -> 54.09 | M99: =+ROUND(K99*L99,2) -> 4000 | N99: 0 | O99: =+Q99/P99 -> 0 | P99: =+Perfils!$G$28 -> 50.23 | Q99: 0 | V99: =+G99+J99+M99+N99+Q99 -> 15000
A100: SER0006 | B100: Beques vacances estiu nens i joves | C100: APP0311 | D100: Gestió beques campanya vacances estiu infants | E100: 85.83691 | F100: =+Perfils!$G$15 -> 46.6 | G100: =+ROUND(E100*F100,2) -> 4000 | H100: 398.16843 | I100: =+Perfils!$G$28 -> 50.23 | J100: =+ROUND(H100*I100,2) -> 20000 | K100: 184.87706 | L100: =+Perfils!$G$41 -> 54.09 | M100: =+ROUND(K100*L100,2) -> 10000 | N100: 0 | O100: =+Q100/P100 -> 0 | P100: =+Perfils!$G$28 -> 50.23 | Q100: 0 | V100: =+G100+J100+M100+N100+Q100 -> 34000 | X100: Incrementar de 2.000 a 20.000 el recurrent | Y100: =20000-2000 -> 18000
A101: SER0007 | B101: Serveis d'assistència a la Gent Gran | C101: APP0701 | D101: Campanya Viatges Gent Gran | E101: 42.918455 | F101: =+Perfils!$G$15 -> 46.6 | G101: =+ROUND(E101*F101,2) -> 2000 | H101: 79.633685 | I101: =+Perfils!$G$28 -> 50.23 | J101: =+ROUND(H101*I101,2) -> 4000 | K101: 129.41394 | L101: =+Perfils!$G$41 -> 54.09 | M101: =+ROUND(K101*L101,2) -> 7000 | N101: 0 | O101: =+Q101/P101 -> 0 | P101: =+Perfils!$G$28 -> 50.23 | Q101: 0 | V101: =+G101+J101+M101+N101+Q101 -> 13000
A102: SER0011 | B102: Serveis d'assistència a la immigració | C102: APP0320 | D102: Gestió Informes Arrelament | E102: 107.29614 | F102: =+Perfils!$G$15 -> 46.6 | G102: =+ROUND(E102*F102,2) -> 5000 | H102: 99.542106 | I102: =+Perfils!$G$28 -> 50.23 | J102: =+ROUND(H102*I102,2) -> 5000 | K102: 36.975411 | L102: =+Perfils!$G$41 -> 54.09 | M102: =+ROUND(K102*L102,2) -> 2000 | N102: 0 | O102: =+Q102/P102 -> 0 | P102: =+Perfils!$G$28 -> 50.23 | Q102: 0 | V102: =+G102+J102+M102+N102+Q102 -> 12000
A103: SER0011 | B103: Serveis d'assistència a la immigració | C103: APP0321 | D103: Gestió Informes Habitatge | E103: 107.29614 | F103: =+Perfils!$G$15 -> 46.6 | G103: =+ROUND(E103*F103,2) -> 5000 | H103: 99.542106 | I103: =+Perfils!$G$28 -> 50.23 | J103: =+ROUND(H103*I103,2) -> 5000 | K103: 36.975411 | L103: =+Perfils!$G$41 -> 54.09 | M103: =+ROUND(K103*L103,2) -> 2000 | N103: 0 | O103: =+Q103/P103 -> 0 | P103: =+Perfils!$G$28 -> 50.23 | Q103: 0 | V103: =+G103+J103+M103+N103+Q103 -> 12000
A104: SER0011 | B104: Serveis d'assistència a la immigració | C104: APP0978 | D104: Inspectors GIH | E104: 42.918455 | F104: =+Perfils!$G$15 -> 46.6 | G104: =+ROUND(E104*F104,2) -> 2000 | H104: 39.816843 | I104: =+Perfils!$G$28 -> 50.23 | J104: =+ROUND(H104*I104,2) -> 2000 | K104: 20.336476 | L104: =+Perfils!$G$41 -> 54.09 | M104: =+ROUND(K104*L104,2) -> 1100 | N104: 0 | O104: =+Q104/P104 -> 0 | P104: =+Perfils!$G$28 -> 50.23 | Q104: 0 | V104: =+G104+J104+M104+N104+Q104 -> 5100
A105: SER0014 | B105: Llei de la Dependència | C105: APP0976 | D105: Dependència | E105: 643.77682 | F105: =+Perfils!$G$15 -> 46.6 | G105: =+ROUND(E105*F105,2) -> 30000 | H105: 796.33685 | I105: =+Perfils!$G$28 -> 50.23 | J105: =+ROUND(H105*I105,2) -> 40000 | K105: 388.24182 | L105: =+Perfils!$G$41 -> 54.09 | M105: =+ROUND(K105*L105,2) -> 21000 | N105: 0 | O105: =+Q105/P105 -> 0 | P105: =+Perfils!$G$28 -> 50.23 | Q105: 0 | V105: =+G105+J105+M105+N105+Q105 -> 91000 | X105: Increment de 28.000 a 40.000 al recurrent | Y105: =40000-28000 -> 12000
A106: SER0010 | B106: Portal del Professional de Serveis Socials | C106: APP0529 | D106: Portal del Professional | E106: 171.67382 | F106: =+Perfils!$G$15 -> 46.6 | G106: =+ROUND(E106*F106,2) -> 8000 | H106: 179.17579 | I106: =+Perfils!$G$28 -> 50.23 | J106: =+ROUND(H106*I106,2) -> 9000 | K106: 92.438528 | L106: =+Perfils!$G$41 -> 54.09 | M106: =+ROUND(K106*L106,2) -> 5000 | N106: 0 | O106: =+Q106/P106 -> 0 | P106: =+Perfils!$G$28 -> 50.23 | Q106: 0 | V106: =+G106+J106+M106+N106+Q106 -> 22000
A107: SER0010 | B107: Portal del Professional de Serveis Socials | C107: APP0988 | D107: Xarxa Col·laborativa (XaC) - Administració Azure | E107: 85.83691 | F107: =+Perfils!$G$15 -> 46.6 | G107: =+ROUND(E107*F107,2) -> 4000 | H107: 79.633685 | I107: =+Perfils!$G$28 -> 50.23 | J107: =+ROUND(H107*I107,2) -> 4000 | K107: 92.438528 | L107: =+Perfils!$G$41 -> 54.09 | M107: =+ROUND(K107*L107,2) -> 5000 | N107: 0 | O107: =+Q107/P107 -> 0 | P107: =+Perfils!$G$28 -> 50.23 | Q107: 0 | V107: =+G107+J107+M107+N107+Q107 -> 13000
A108: SER0343 | B108: JIRA Acció Social (QVIE) | C108: APP0331 | D108: Gestor peticions JIRA QVI | E108: 21.459227 | F108: =+Perfils!$G$15 -> 46.6 | G108: =+ROUND(E108*F108,2) -> 1000 | H108: 19.908421 | I108: =+Perfils!$G$28 -> 50.23 | J108: =+ROUND(H108*I108,2) -> 1000 | K108: 11.092623 | L108: =+Perfils!$G$41 -> 54.09 | M108: =+ROUND(K108*L108,2) -> 600 | N108: 0 | O108: =+Q108/P108 -> 0 | P108: =+Perfils!$G$28 -> 50.23 | Q108: 0 | V108: =+G108+J108+M108+N108+Q108 -> 2600
A109: SER0015 | B109: Servei d'atenció Domiciliària | C109: APP0596 | D109: SAD | E109: 536.48069 | F109: =+Perfils!$G$15 -> 46.6 | G109: =+ROUND(E109*F109,2) -> 25000 | H109: 796.33685 | I109: =+Perfils!$G$28 -> 50.23 | J109: =+ROUND(H109*I109,2) -> 40000 | K109: 203.36476 | L109: =+Perfils!$G$41 -> 54.09 | M109: =+ROUND(K109*L109,2) -> 11000 | N109: 0 | O109: =+Q109/P109 -> 0 | P109: =+Perfils!$G$28 -> 50.23 | Q109: 0 | V109: =+G109+J109+M109+N109+Q109 -> 76000 | X109: Increment de 13.000 a 40.000 al recurrent (Copagament SAD-Dep, ...) | Y109: =40000-13000 -> 27000
A110: SER0015 | B110: Servei d'atenció Domiciliària | C110: APP0985 | D110: DOMUS | E110: 643.77682 | F110: =+Perfils!$G$15 -> 46.6 | G110: =+ROUND(E110*F110,2) -> 30000 | H110: 696.79474 | I110: =+Perfils!$G$28 -> 50.23 | J110: =+ROUND(H110*I110,2) -> 35000 | K110: 240.34017 | L110: =+Perfils!$G$41 -> 54.09 | M110: =+ROUND(K110*L110,2) -> 13000 | N110: 0 | O110: =+Q110/P110 -> 0 | P110: =+Perfils!$G$28 -> 50.23 | Q110: 0 | V110: =+G110+J110+M110+N110+Q110 -> 78000 | X110: NOU | Y110: 78000
A111: SER0009 | B111: Expedients Serveis Socials | C111: APP0633 | D111: Sistema d'Informació Acció Social SIAS | E111: 643.77682 | F111: =+Perfils!$G$15 -> 46.6 | G111: =+ROUND(E111*F111,2) -> 30000 | H111: 1592.6737 | I111: =+Perfils!$G$28 -> 50.23 | J111: =+ROUND(H111*I111,2) -> 80000 | K111: 462.19264 | L111: =+Perfils!$G$41 -> 54.09 | M111: =+ROUND(K111*L111,2) -> 25000 | N111: 0 | O111: =+Q111/P111 -> 0 | P111: =+Perfils!$G$28 -> 50.23 | Q111: 0 | V111: =+G111+J111+M111+N111+Q111 -> 135000 | X111: Incrementar de 24 a 30.000 el correctiu, de 36 a 80.000 el recurrent i de 21 a 25.000 la OT (SSM, Atenció integral socioeducativa a la infància, ...) | Y111: =30000-24000+80000-36000+25000-21000 -> 54000
A112: SER0009 | B112: Expedients Serveis Socials | C112: APP0615 | D112: SIAS Serveis | E112: 150.21459 | F112: =+Perfils!$G$15 -> 46.6 | G112: =+ROUND(E112*F112,2) -> 7000 | H112: 398.16843 | I112: =+Perfils!$G$28 -> 50.23 | J112: =+ROUND(H112*I112,2) -> 20000 | K112: 92.438528 | L112: =+Perfils!$G$41 -> 54.09 | M112: =+ROUND(K112*L112,2) -> 5000 | N112: 0 | O112: =+Q112/P112 -> 0 | P112: =+Perfils!$G$28 -> 50.23 | Q112: 0 | V112: =+G112+J112+M112+N112+Q112 -> 32000 | X112: Incrementar de 8 a 20.000 el recurrent | Y112: =20000-8000 -> 12000
A113: SER0009 | B113: Expedients Serveis Socials | C113: APP0975 | D113: CINTRAOS | E113: 536.48069 | F113: =+Perfils!$G$15 -> 46.6 | G113: =+ROUND(E113*F113,2) -> 25000 | H113: 1194.5053 | I113: =+Perfils!$G$28 -> 50.23 | J113: =+ROUND(H113*I113,2) -> 60000 | K113: 55.463117 | L113: =+Perfils!$G$41 -> 54.09 | M113: =+ROUND(K113*L113,2) -> 3000 | N113: 0 | O113: =+Q113/P113 -> 0 | P113: =+Perfils!$G$28 -> 50.23 | Q113: 0 | V113: =+G113+J113+M113+N113+Q113 -> 88000 | X113: Incrementar de 25 a 60.000 el recurrent | Y113: =60000-25000 -> 35000
A114: SER0009 | B114: Expedients Serveis Socials | C114: APP0981 | D114: Oficina tècnica d'arquitectura Drets Socials | E114: 0 | F114: =+Perfils!$G$15 -> 46.6 | G114: =+ROUND(E114*F114,2) -> 0 | H114: 1592.6737 | I114: =+Perfils!$G$28 -> 50.23 | J114: =+ROUND(H114*I114,2) -> 80000 | K114: 55.463117 | L114: =+Perfils!$G$41 -> 54.09 | M114: =+ROUND(K114*L114,2) -> 3000 | N114: 0 | O114: =+Q114/P114 -> 0 | P114: =+Perfils!$G$28 -> 50.23 | Q114: 0 | V114: =+G114+J114+M114+N114+Q114 -> 83000 | X114: Incrementar de 65 a 80 el recurrent | Y114: =80000-65000 -> 15000
A115: SER0007 | B115: Serveis d'assistència a la Gent Gran | C115: APP0986 | D115: Equipaments | E115: 214.59227 | F115: =+Perfils!$G$15 -> 46.6 | G115: =+ROUND(E115*F115,2) -> 10000 | H115: 796.33685 | I115: =+Perfils!$G$28 -> 50.23 | J115: =+ROUND(H115*I115,2) -> 40000 | K115: 203.36476 | L115: =+Perfils!$G$41 -> 54.09 | M115: =+ROUND(K115*L115,2) -> 11000 | N115: 0 | O115: =+Q115/P115 -> 0 | P115: =+Perfils!$G$28 -> 50.23 | Q115: 0 | V115: =+G115+J115+M115+N115+Q115 -> 61000 | X115: Incrementar de 16 a 40.000 el recurrent (Atenció integral socioeducativa a la infància, ...) | Y115: =40000-16000 -> 24000
A116: SER0551 | B116: Urgències i Emergències Socials | C116: APP1073 | D116: CUESB | E116: 214.59227 | F116: =+Perfils!$G$15 -> 46.6 | G116: =+ROUND(E116*F116,2) -> 10000 | H116: 318.53474 | I116: =+Perfils!$G$28 -> 50.23 | J116: =+ROUND(H116*I116,2) -> 16000 | K116: 203.36476 | L116: =+Perfils!$G$41 -> 54.09 | M116: =+ROUND(K116*L116,2) -> 11000 | N116: 0 | O116: =+Q116/P116 -> 0 | P116: =+Perfils!$G$28 -> 50.23 | Q116: 0 | V116: =+G116+J116+M116+N116+Q116 -> 37000 | X116: Incrementar de 7 a 10.000 el correctiu i de 13 a 16000 el recurrent i de 6 a 11000 la OT | Y116: =10000-7000+16000-13000+11000-6000 -> 11000
A117: SER0550 | B117: Serveis Socials Bàsics | C117: APP1130 | D117: SIRIUS | E117: 214.59227 | F117: =+Perfils!$G$15 -> 46.6 | G117: =+ROUND(E117*F117,2) -> 10000 | H117: 1114.8716 | I117: =+Perfils!$G$28 -> 50.23 | J117: =+ROUND(H117*I117,2) -> 56000 | K117: 369.75411 | L117: =+Perfils!$G$41 -> 54.09 | M117: =+ROUND(K117*L117,2) -> 20000 | N117: 0 | O117: =+Q117/P117 -> 0 | P117: =+Perfils!$G$28 -> 50.23 | Q117: 0 | R117: 44927 | S117: 44986 | T117: 2 | U117: 1625 | V117: =+G117+J117+M117+N117+U117+Q117 -> 87625 | X117: Incrementar de 8 a 10.000 el correctiu i de 9 a 16.000 el recurrent i s'afegeix 10.000 al recurrent per fi projecte 0 i s'afegeix 30000 al recurrent per fi projecte 1, de 11 a 20 de OT (Fi projecte 0 i Fi Projecte 1) | Y117: =10000-8000+56000-9000+20000-11000 -> 58000 | Z117: 39000
A118: SER0009 | B118: Expedients Serveis Socials | C118: APP0982 | D118: Agents externs | E118: 193.13305 | F118: =+Perfils!$G$15 -> 46.6 | G118: =+ROUND(E118*F118,2) -> 9000 | H118: 398.16843 | I118: =+Perfils!$G$28 -> 50.23 | J118: =+ROUND(H118*I118,2) -> 20000 | K118: 184.87706 | L118: =+Perfils!$G$41 -> 54.09 | M118: =+ROUND(K118*L118,2) -> 10000 | N118: 0 | O118: =+Q118/P118 -> 0 | P118: =+Perfils!$G$28 -> 50.23 | Q118: 0 | V118: =+G118+J118+M118+N118+Q118 -> 39000 | X118: Incrementar de 9 a 20.000 el recurrent | Y118: =20000-9000 -> 11000
A119: SER0009 | B119: Expedients Serveis Socials | C119: APP0983 | D119: Administració | E119: 64.377682 | F119: =+Perfils!$G$15 -> 46.6 | G119: =+ROUND(E119*F119,2) -> 3000 | H119: 199.08421 | I119: =+Perfils!$G$28 -> 50.23 | J119: =+ROUND(H119*I119,2) -> 10000 | K119: 55.463117 | L119: =+Perfils!$G$41 -> 54.09 | M119: =+ROUND(K119*L119,2) -> 3000 | N119: 0 | O119: =+Q119/P119 -> 0 | P119: =+Perfils!$G$28 -> 50.23 | Q119: 0 | V119: =+G119+J119+M119+N119+Q119 -> 16000 | X119: Incrementar de 4 a 10.000 el recurrent | Y119: =10000-4000 -> 6000
A120: SER0009 | B120: Expedients Serveis Socials | C120: APP0980 | D120: Eina data quality | E120: 107.29614 | F120: =+Perfils!$G$15 -> 46.6 | G120: =+ROUND(E120*F120,2) -> 5000 | H120: 298.62632 | I120: =+Perfils!$G$28 -> 50.23 | J120: =+ROUND(H120*I120,2) -> 15000 | K120: 55.463117 | L120: =+Perfils!$G$41 -> 54.09 | M120: =+ROUND(K120*L120,2) -> 3000 | N120: 0 | O120: =+Q120/P120 -> 0 | P120: =+Perfils!$G$28 -> 50.23 | Q120: 0 | V120: =+G120+J120+M120+N120+Q120 -> 23000 | X120: Incrementar de 5 a 15.000 el recurrent | Y120: =15000-5000 -> 10000
A121: SER0009 | B121: Expedients Serveis Socials | C121: APP1094 | D121: Consulta i acreditacions | E121: 193.13305 | F121: =+Perfils!$G$15 -> 46.6 | G121: =+ROUND(E121*F121,2) -> 9000 | H121: 179.17579 | I121: =+Perfils!$G$28 -> 50.23 | J121: =+ROUND(H121*I121,2) -> 9000 | K121: 110.92623 | L121: =+Perfils!$G$41 -> 54.09 | M121: =+ROUND(K121*L121,2) -> 6000 | N121: 0 | O121: =+Q121/P121 -> 0 | P121: =+Perfils!$G$28 -> 50.23 | Q121: 0 | V121: =+G121+J121+M121+N121+Q121 -> 24000 | X121: NOU | Y121: =24000 -> 24000
A122: SER0013 | B122: Equipaments i altres recursos Persones vulnerables | C122: APP1093 | D122: Avaluacions | E122: 107.29614 | F122: =+Perfils!$G$15 -> 46.6 | G122: =+ROUND(E122*F122,2) -> 5000 | H122: 99.542106 | I122: =+Perfils!$G$28 -> 50.23 | J122: =+ROUND(H122*I122,2) -> 5000 | K122: 55.463117 | L122: =+Perfils!$G$41 -> 54.09 | M122: =+ROUND(K122*L122,2) -> 3000 | N122: 0 | O122: =+Q122/P122 -> 0 | P122: =+Perfils!$G$28 -> 50.23 | Q122: 0 | V122: =+G122+J122+M122+N122+Q122 -> 13000 | X122: NOU | Y122: =13000 -> 13000
A123: SER0017 | B123: Servei indicadors i explotació de dades | C123: APPXXXX | D123: ETLs | E123: 85.83691 | F123: =+Perfils!$G$15 -> 46.6 | G123: =+ROUND(E123*F123,2) -> 4000 | H123: 159.26737 | I123: =+Perfils!$G$28 -> 50.23 | J123: =+ROUND(H123*I123,2) -> 8000 | K123: 55.463117 | L123: =+Perfils!$G$41 -> 54.09 | M123: =+ROUND(K123*L123,2) -> 3000 | N123: 0 | O123: =+Q123/P123 -> 0 | P123: =+Perfils!$G$28 -> 50.23 | Q123: 0 | R123: 45067 | S123: 45128 | T123: 2 | U123: 625 | V123: =+G123+J123+M123+N123+U123+Q123 -> 15625 | Z123: 15000
A124: SER0004 | B124: Ajuts econòmics Serveis Socials | C124: APPXXXX | D124: Simulador les meves ajudes | E124: 0 | F124: =+Perfils!$G$15 -> 46.6 | G124: =+ROUND(E124*F124,2) -> 0 | H124: 0 | I124: =+Perfils!$G$28 -> 50.23 | J124: =+ROUND(H124*I124,2) -> 0 | K124: 0 | L124: =+Perfils!$G$41 -> 54.09 | M124: =+ROUND(K124*L124,2) -> 0 | N124: 0 | O124: =+Q124/P124 -> 0 | P124: =+Perfils!$G$28 -> 50.23 | Q124: 0 | R124: 45231 | S124: 45292 | T124: 2 | U124: 625 | V124: =+G124+J124+M124+N124+U124+Q124 -> 625 | Z124: 15000
A125: SER0013 | B125: Equipaments i altres recursos Persones vulnerables | C125: APPXXXX | D125: DSSIEP | E125: 0 | F125: =+Perfils!$G$15 -> 46.6 | G125: =+ROUND(E125*F125,2) -> 0 | H125: 0 | I125: =+Perfils!$G$28 -> 50.23 | J125: =+ROUND(H125*I125,2) -> 0 | K125: 0 | L125: =+Perfils!$G$41 -> 54.09 | M125: =+ROUND(K125*L125,2) -> 0 | N125: 0 | O125: =+Q125/P125 -> 0 | P125: =+Perfils!$G$28 -> 50.23 | Q125: 0 | V125: =+G125+J125+M125+N125+Q125 -> 0
A126: SER0018 | B126: Servei d’assistència persones amb discapacitat: | C126: APPXXXX | D126: Targetes reserva estacionament i transport especial | E126: 71.530758 | F126: =+Perfils!$G$15 -> 46.6 | G126: =+ROUND(E126*F126,2) -> 3333.33 | H126: 199.08421 | I126: =+Perfils!$G$28 -> 50.23 | J126: =+ROUND(H126*I126,2) -> 10000 | K126: 61.625686 | L126: =+Perfils!$G$41 -> 54.09 | M126: =+ROUND(K126*L126,2) -> 3333.33 | N126: 0 | O126: =+Q126/P126 -> 0 | P126: =+Perfils!$G$28 -> 50.23 | Q126: 0 | R126: 45067 | S126: 45128 | T126: 2 | U126: 1666.6667 | V126: =+G126+J126+M126+N126+Q126+U126 -> 18333.327 | Z126: 40000
E127: =SUM(E87:E126) -> 6895.5651 | G127: =SUM(G87:G126) -> 321333.33 | H127: =SUM(H87:H126) -> 15787.378 | J127: =SUM(J87:J126) -> 793000 | K127: =SUM(K87:K126) -> 4918.346 | M127: =SUM(M87:M126) -> 266033.33 | O127: =SUM(O87:O126) -> 0 | Q127: =SUM(Q87:Q126) -> 0 | U127: =SUM(U87:U126) -> 4541.6667 | V127: =SUM(V87:V126) -> 1384908.3
E128: =(E127/12/8)/20 -> 3.5914402 | H128: =(H127/12/8)/20 -> 8.2225927 | K128: =(K127/12/8)/20 -> 2.5616385
...

Sheet Perfils
C1: DS
B3: Servei plec | C3: Perfil | D3: % dedicació | E3: Preu perfil IVA inclòs | F3: Preu perfil IVA exclòs | G3: Preu / hora /perfil IVA inclòs
B4: Manteniment correctiu | C4: =C46 -> Responsable del contracte | D4: 0.008 | E4: =+$E$46 -> 77.28 | F4: =+$F$46 -> 63.87 | G4: =E4*D4 -> 0.61824
C5: =C47 -> Cap de projecte sènior | D5: 0.04 | E5: =+$E$47 -> 68.07 | F5: =+$F$47 -> 56.26 | G5: =E5*D5 -> 2.7228
C6: =C48 -> Consultor/a (inclou responsable tècnic seguretat) | D6: 0.14 | E6: =E48 -> 66.7 | F6: =+$F$48 -> 55.12 | G6: =E6*D6 -> 9.338
C7: =C49 -> Arquitecte/a | D7: 0.08 | E7: =+$E$49 -> 60.09 | F7: =+$F$49 -> 49.66 | G7: =E7*D7 -> 4.8072
C8: =C50 -> Analista programador/a J2EE/PYTHON | D8: 0.38 | E8: =+$E$50 -> 43.58 | F8: =+$F$50 -> 36.02 | G8: =E8*D8 -> 16.5604
C9: =C51 -> Programador/a J2EE | D9: 0.15 | E9: =+$E$51 -> 32.96 | F9: =+$F$51 -> 27.24 | G9: =E9*D9 -> 4.944
C10: =C52 -> Programador/a JAVASCRIPT / ANGULAR / REACT | D10: 0.06 | E10: =+$E$52 -> 35.8 | F10: =+$F$52 -> 29.59 | G10: =E10*D10 -> 2.148
C11: =C53 -> Atenció a persones usuàries | D11: 0.04 | E11: =+$E$53 -> 32.96 | F11: =+$F$53 -> 27.24 | G11: =E11*D11 -> 1.3184
C12: =C55 -> Maquetador/ra | D12: 0.04 | E12: =+$E$55 -> 38.13 | F12: =+$F$55 -> 31.51 | G12: =E12*D12 -> 1.5252
C13: =C56 -> Dissenyador/a | D13: 0.04 | E13: =+$E$56 -> 40.64 | F13: =+$F$56 -> 33.59 | G13: =E13*D13 -> 1.6256
C14: =C57 -> Full Stack Developer WINDOWS MOBILE | D14: 0.022 | E14: =+$E$57 -> 44.92 | F14: =+$F$57 -> 37.12 | G14: =E14*D14 -> 0.98824
C15: Preu perfil tipus | G15: =ROUND(SUM(G4:G14),2) -> 46.6 | H15: =SUM(D4:D14) -> 1
B16: Manteniment recurrent | C16: =C46 -> Responsable del contracte | D16: 0.01 | E16: =+$E$46 -> 77.28 | F16: =+$F$46 -> 63.87 | G16: =E16*D16 -> 0.7728
C17: =C47 -> Cap de projecte sènior | D17: 0.07 | E17: =+$E$47 -> 68.07 | F17: =+$F$47 -> 56.26 | G17: =E17*D17 -> 4.7649
C18: =C48 -> Consultor/a (inclou responsable tècnic seguretat) | D18: 0.18 | E18: =+$E$48 -> 66.7 | F18: =+$F$48 -> 55.12 | G18: =E18*D18 -> 12.006
C19: =C49 -> Arquitecte/a | D19: 0.15 | E19: =+$E$49 -> 60.09 | F19: =+$F$49 -> 49.66 | G19: =E19*D19 -> 9.0135
C20: =C50 -> Analista programador/a J2EE/PYTHON | D20: 0.3 | E20: =+$E$50 -> 43.58 | F20: =+$F$50 -> 36.02 | G20: =E20*D20 -> 13.074
C21: =C51 -> Programador/a J2EE | D21: 0.12 | E21: =+$E$51 -> 32.96 | F21: =+$F$51 -> 27.24 | G21: =E21*D21 -> 3.9552
C22: =C52 -> Programador/a JAVASCRIPT / ANGULAR / REACT | D22: 0.05 | E22: =+$E$52 -> 35.8 | F22: =+$F$52 -> 29.59 | G22: =E22*D22 -> 1.79
C23: =C53 -> Atenció a persones usuàries | D23: 0.03 | E23: =+$E$53 -> 32.96 | F23: =+$F$53 -> 27.24 | G23: =E23*D23 -> 0.9888
C24: =C54 -> Formador/a | D24: 0.02 | E24: =+$E$54 -> 52.56 | F24: =+$F$54 -> 43.44 | G24: =E24*D24 -> 1.0512
C25: =C55 -> Maquetador/ra | D25: 0.03 | E25: =+$E$55 -> 38.13 | F25: =+$F$55 -> 31.51 | G25: =E25*D25 -> 1.1439
C26: =C56 -> Dissenyador/a | D26: 0.03 | E26: =+$E$56 -> 40.64 | F26: =+$F$56 -> 33.59 | G26: =E26*D26 -> 1.2192
C27: =C57 -> Full Stack Developer WINDOWS MOBILE | D27: 0.01 | E27: =+$E$57 -> 44.92 | F27: =+$F$57 -> 37.12 | G27: =E27*D27 -> 0.4492
C28: Preu perfil tipus | G28: =ROUND(SUM(G16:G27),2) -> 50.23 | H28: =SUM(D16:D27) -> 1
B29: Serveis Transversals de Manteniment | C29: =C46 -> Responsable del contracte | D29: 0.015 | E29: =+$E$46 -> 77.28 | F29: =+$F$46 -> 63.87 | G29: =E29*D29 -> 1.1592
C30: =C47 -> Cap de projecte sènior | D30: 0.085 | E30: =+$E$47 -> 68.07 | F30: =+$F$47 -> 56.26 | G30: =E30*D30 -> 5.78595
C31: =C48 -> Consultor/a (inclou responsable tècnic seguretat) | D31: 0.32 | E31: =+$E$48 -> 66.7 | F31: =+$F$48 -> 55.12 | G31: =E31*D31 -> 21.344
C32: =C49 -> Arquitecte/a | D32: 0.12 | E32: =+$E$49 -> 60.09 | F32: =+$F$49 -> 49.66 | G32: =E32*D32 -> 7.2108
C33: =C50 -> Analista programador/a J2EE/PYTHON | D33: 0.18 | E33: =+$E$50 -> 43.58 | F33: =+$F$50 -> 36.02 | G33: =E33*D33 -> 7.8444
C34: =C51 -> Programador/a J2EE | D34: 0.06 | E34: =+$E$51 -> 32.96 | F34: =+$F$51 -> 27.24 | G34: =E34*D34 -> 1.9776
C35: =C52 -> Programador/a JAVASCRIPT / ANGULAR / REACT | D35: 0.03 | E35: =+$E$52 -> 35.8 | F35: =+$F$52 -> 29.59 | G35: =E35*D35 -> 1.074
C36: =C53 -> Atenció a persones usuàries | D36: 0.09 | E36: =+$E$53 -> 32.96 | F36: =+$F$53 -> 27.24 | G36: =E36*D36 -> 2.9664
C37: =C54 -> Formador/a | D37: 0.06 | E37: =+$E$54 -> 52.56 | F37: =+$F$54 -> 43.44 | G37: =E37*D37 -> 3.1536
C38: =C55 -> Maquetador/ra | D38: 0.02 | E38: =+$E$55 -> 38.13 | F38: =+$F$55 -> 31.51 | G38: =E38*D38 -> 0.7626
C39: =C56 -> Dissenyador/a | D39: 0.02 | E39: =+$E$56 -> 40.64 | F39: =+$F$56 -> 33.59 | G39: =E39*D39 -> 0.8128
C40: =C57 -> Full Stack Developer WINDOWS MOBILE | D40: 0 | E40: =+$E$57 -> 44.92 | F40: =+$F$57 -> 37.12 | G40: =E40*D40 -> 0
C41: Preu perfil tipus | G41: =ROUND(SUM(G29:G40),2) -> 54.09 | H41: =SUM(D29:D40) -> 1
C45: Perfil | E45: Import €/hora amb IVA | F45: Preu/hora IVA exclòs
C46: Responsable del contracte | E46: =+ROUND(F46*1.21,2) -> 77.28 | F46: 63.87
C47: Cap de projecte sènior | E47: =+ROUND(F47*1.21,2) -> 68.07 | F47: 56.26
C48: Consultor/a (inclou responsable tècnic seguretat) | E48: =+ROUND(F48*1.21,2) -> 66.7 | F48: 55.12
C49: Arquitecte/a | E49: =+ROUND(F49*1.21,2) -> 60.09 | F49: 49.66
C50: Analista programador/a J2EE/PYTHON | E50: =+ROUND(F50*1.21,2) -> 43.58 | F50: 36.02
C51: Programador/a J2EE | E51: =+ROUND(F51*1.21,2) -> 32.96 | F51: 27.24
C52: Programador/a JAVASCRIPT / ANGULAR / REACT | E52: =+ROUND(F52*1.21,2) -> 35.8 | F52: 29.59
C53: Atenció a persones usuàries | E53: =+ROUND(F53*1.21,2) -> 32.96 | F53: 27.24
C54: Formador/a | E54: =+ROUND(F54*1.21,2) -> 52.56 | F54: 43.44
C55: Maquetador/ra | E55: =+ROUND(F55*1.21,2) -> 38.13 | F55: 31.51
C56: Dissenyador/a | E56: =+ROUND(F56*1.21,2) -> 40.64 | F56: 33.59
C57: Full Stack Developer WINDOWS MOBILE | E57: =+ROUND(F57*1.21,2) -> 44.92 | F57: 37.12

Sheet Taules IJ
A2: Distribució de pressupost per any i per servei
B4: 2022 | E4: 2023 | H4: 2024 | K4: 2025
A5: Serveis | B5: Import net | C5: IVA 21% | D5: Import total | E5: Import net | F5: IVA 21% | G5: Import total | H5: Import net | I5: IVA 21% | J5: Import total | K5: Import net | L5: IVA 21% | M5: Import total | N5: Total import net | O5: Total IVA 21% | P5: Total import contracte
A6: Manteniment correctiu | B6: =ROUND('Càlcul pressupost '!E6/1.21,2) -> 67222.93 | C6: =ROUND(B6*0.21,2) -> 14116.82 | D6: =+B6+C6 -> 81339.75 | E6: =ROUND('Càlcul pressupost '!F6/1.21,2) -> 409761.74 | F6: =ROUND(E6*0.21,2) -> 86049.97 | G6: =+E6+F6 -> 495811.71 | H6: =ROUND('Càlcul pressupost '!G6/1.21,2) -> 409429.79 | I6: =ROUND(H6*0.21,2) -> 85980.26 | J6: =+H6+I6 -> 495410.05 | K6: =ROUND('Càlcul pressupost '!H6/1.21,2) -> 292242.02 | L6: =ROUND(K6*0.21,2) -> 61370.82 | M6: =+K6+L6 -> 353612.84 | N6: =+B6+E6+H6+K6 -> 1178656.5 | O6: =+C6+F6+I6+L6 -> 247517.87 | P6: =+D6+G6+J6+M6 -> 1426174.4
A7: Manteniment recurrent | B7: =ROUND('Càlcul pressupost '!E7/1.21,2) -> 213520.28 | C7: =ROUND(B7*0.21,2) -> 44839.26 | D7: =+B7+C7 -> 258359.54 | E7: =ROUND('Càlcul pressupost '!F7/1.21,2) -> 939392.62 | F7: =ROUND(E7*0.21,2)+0.01 -> 197272.46 | G7: =+E7+F7 -> 1136665.1 | H7: =ROUND('Càlcul pressupost '!G7/1.21,2) -> 973298.21 | I7: =ROUND(H7*0.21,2) -> 204392.62 | J7: =+H7+I7 -> 1177690.8 | K7: =ROUND('Càlcul pressupost '!H7/1.21,2) -> 681272.72 | L7: =ROUND(K7*0.21,2) -> 143067.27 | M7: =+K7+L7 -> 824339.99 | N7: =+B7+E7+H7+K7 -> 2807483.8 | O7: =+C7+F7+I7+L7 -> 589571.61 | P7: =+D7+G7+J7+M7 -> 3397055.4
A8: Serveis Transversals de Manteniment | B8: =ROUND('Càlcul pressupost '!E8/1.21,2) -> 57269.77 | C8: =ROUND(B8*0.21,2) -> 12026.65 | D8: =+B8+C8 -> 69296.42 | E8: =ROUND('Càlcul pressupost '!F8/1.21,2) -> 355480.93 | F8: =ROUND(E8*0.21,2) -> 74651 | G8: =+E8+F8 -> 430131.93 | H8: =ROUND('Càlcul pressupost '!G8/1.21,2) -> 357201.04 | I8: =ROUND(H8*0.21,2) -> 75012.22 | J8: =+H8+I8 -> 432213.26 | K8: =ROUND('Càlcul pressupost '!H8/1.21,2) -> 258081.78 | L8: =ROUND(K8*0.21,2) -> 54197.17 | M8: =+K8+L8 -> 312278.95 | N8: =+B8+E8+H8+K8 -> 1028033.5 | O8: =+C8+F8+I8+L8 -> 215887.04 | P8: =+D8+G8+J8+M8 -> 1243920.6
A9: - Llicències | B9: =ROUND('Càlcul pressupost '!E9/1.21,2) -> 0 | C9: =ROUND(B9*0.21,2) -> 0 | D9: =+B9+C9 -> 0 | E9: =ROUND('Càlcul pressupost '!F9/1.21,2) -> 0 | F9: =ROUND(E9*0.21,2) -> 0 | G9: =+E9+F9 -> 0 | H9: =ROUND('Càlcul pressupost '!G9/1.21,2) -> 0 | I9: =ROUND(H9*0.21,2) -> 0 | J9: =+H9+I9 -> 0 | K9: =ROUND('Càlcul pressupost '!H9/1.21,2) -> 0 | L9: =ROUND(K9*0.21,2) -> 0 | M9: =+K9+L9 -> 0 | N9: =+B9+E9+H9+K9 -> 0 | O9: =+C9+F9+I9+L9 -> 0 | P9: =+D9+G9+J9+M9 -> 0
A10: Evolutius identificats | C10: =ROUND(B10*0.21,2) -> 0 | D10: =+B10+C10 -> 0 | E10: =ROUND('Càlcul pressupost '!F10/1.21,2) -> 0 | F10: =ROUND(E10*0.21,2) -> 0 | G10: =+E10+F10 -> 0 | H10: =ROUND('Càlcul pressupost '!G10/1.21,2) -> 0 | I10: =ROUND(H10*0.21,2) -> 0 | J10: =+H10+I10 -> 0 | K10: =ROUND('Càlcul pressupost '!H10/1.21,2) -> 0 | L10: =ROUND(K10*0.21,2) -> 0 | M10: =+K10+L10 -> 0 | N10: =+B10+E10+H10+K10 -> 0 | O10: =+C10+F10+I10+L10 -> 0 | P10: =+D10+G10+J10+M10 -> 0
B11: =SUM(B6:B10) -> 338012.98 | C11: =SUM(C6:C10) -> 70982.73 | D11: =SUM(D6:D10) -> 408995.71 | E11: =SUM(E6:E10) -> 1704635.3 | F11: =SUM(F6:F10) -> 357973.43 | G11: =SUM(G6:G10) -> 2062608.7 | H11: =SUM(H6:H10) -> 1739929 | I11: =SUM(I6:I10) -> 365385.1 | ... P11: =SUM(P6:P10) -> 6067150.4
A13: Distribució de pressupost per any
A15: TOTAL
A16: Any | B16: Pressupost net | C16: IVA | D16: Import total
A17: 2022 | B17: =+B11 -> 338012.98 | C17: =+C11 -> 70982.73 | D17: =+B17+C17 -> 408995.71 | E17: (*) L'import total de l'IVA correspon al sumatori dels imports individuals detallats a la taula anterior (fila 10, columnes C, F, I, L) i no a l'aplicació directa de l'IVA actual del 21% sobre el pressupost net totalitzat (files 16 a 19 columna B).
A18: 2023 | B18: =+E11 -> 1704635.3 | C18: =+F11 -> 357973.43 | D18: =+G11 -> 2062608.7
A19: 2024 | B19: =+H11 -> 1739929 | C19: =+I11 -> 365385.1 | D19: =+J11 -> 2105314.1
A20: 2025 | B20: =+K11 -> 1231596.5 | C20: =+L11 -> 258635.26 | D20: =+M11 -> 1490231.8
A21: Total | B21: =SUM(B17:B20) -> 5014173.8 | C21: =SUM(C17:C20) -> 1052976.5 | D21: =SUM(D17:D20) -> 6067150.4
D22: =+B21*1.21 -> 6067150.3
A25: Modificacions de contracte: ampliació / disminució
A26: Causes previstes de modificació | B26: Import contracte (IVA inclòs) | C26: % Ampliació sobre import del contracte | D26: Import màxim ampliació (amb IVA) | E26: % Disminució sobre import del contracte | F26: Import màxim disminució (amb IVA)
A27: Modificacions per augment o disminució de volumetries en Serveis/Aplicacions | B27: =$D$21 -> 6067150.4 | C27: 0.2 | D27: =+ROUND(B27*C27,2) -> 1213430.1 | E27: 0.2 | F27: =+ROUND(B27*E27,2) -> 1213430.1
A28: TOTAL | B28: =SUM(B27:B27) -> 6067150.4 | C28: =SUM(C27:C27) -> 0.2 | D28: =SUM(D27:D27) -> 1213430.1 | E28: =SUM(E27:E27) -> 0.2 | F28: =SUM(F27:F27) -> 1213430.1
D29: =+ROUND(D28/1.21,2) -> 1002834.8 | F29: =+ROUND(F28/1.21,2) -> 1002834.8
D30: IVA EXCLÒS | F30: IVA EXCLÒS
A31: VEC
B33: VE prestació | C33: VE eventuals pròrrogues | D33: VE modificacions contracte amb increment de cost previstes | E33: VE modificacions contracte amb disminució de cost previstes | F33: SUMA
A34: 2022 | B34: =+B17 -> 338012.98 | D34: =ROUND(G34/$G$40*$D$29,2) -> 39906.98 | E34: =ROUND(-G34/$G$40*$F$29,2) -> -39906.98 | F34: =SUM(B34:D34) -> 377919.96 | G34: =+B34+C34 -> 338012.98
A35: 2023 | B35: =+B18 -> 1704635.3 | D35: =ROUND(G35/$G$40*$D$29,2) -> 201255.14 | E35: =ROUND(-G35/$G$40*$F$29,2) -> -201255.14 | F35: =SUM(B35:D35) -> 1905890.4 | G35: =+B35+C35 -> 1704635.3
A36: 2024 | B36: =+B19 -> 1739929 | D36: =ROUND(G36/$G$40*$D$29,2) -> 205422.04 | E36: =ROUND(-G36/$G$40*$F$29,2) -> -205422.04 | F36: =SUM(B36:D36) -> 1945351.1 | G36: =+B36+C36 -> 1739929
A37: 2025 | B37: =+B20 -> 1231596.5 | C37: =+B36-B37 -> 508332.52 | D37: =ROUND(G37/$G$40*$D$29,2) -> 205422.04 | E37: =ROUND(-G37/$G$40*$F$29,2) -> -205422.04 | F37: =SUM(B37:D37) -> 1945351.1 | G37: =+B37+C37 -> 1739929
A38: 2026 | C38: =+B36 -> 1739929 | D38: =ROUND(G38/$G$40*$D$29,2) -> 205422.04 | E38: =ROUND(-G38/$G$40*$F$29,2) -> -205422.04 | F38: =SUM(B38:D38) -> 1945351.1 | G38: =+B38+C38 -> 1739929
A39: 2027 | C39: =+B37 -> 1231596.5 | D39: =ROUND(G39/$G$40*$D$29,2)-0.01 -> 145406.53 | E39: =ROUND(-G39/$G$40*$F$29,2)+0.01 -> -145406.53 | F39: =SUM(B39:D39) -> 1377003.1 | G39: =+B39+C39 -> 1231596.5
A40: Total | B40: =SUM(B34:B39) -> 5014173.8 | C40: =SUM(C34:C39) -> 3479858.1 | D40: =SUM(D34:D39) -> 1002834.8 | E40: =SUM(E34:E39) -> -1002834.8 | F40: =SUM(F34:F39) -> 9496866.7 | G40: =SUM(G34:G39) -> 8494031.9
A45: VEC | B45: Marges possibles solvènvia
A46: =+F40 -> 9496866.7 | B46: Solvència económica | D46: Solvència tècnica
A47: Anys de contracte | B47: ACONSELLABLE | C47: MÀXIM | D47: MÍNIM | E47: MÀXIM
A48: 5 | B48: =+C48/A48 -> 2849060 | C48: =1.5*A46 -> 14245300 | D48: =ROUND(A46*2/3/A48,2) -> 1266248.9 | E48: =+C48 -> 14245300
B49: 1,5 x VEC / anys de contracte | C49: 1,5 x VEC | D49: 2/3 VEC / anys de contracte | E49: 1,5 x VEC

Sheet Costos Indirectes
A2: CÀLCUL COSTOS DIRECTES I INDIRECTES PEL PROJECTE
C4: Preu IVA exclòs | D4: Benefici Industrial (20%) | E4: Cost Total | F4: Cost Indirecte (8%) | G4: Suma costos Indirectes | H4: Cost personal | I4: Seguretat Social (34%) | J4: Salari Brut | K4: Suma costos directes
C5: ='Taules IJ'!B21 -> 5014173.8 | D5: =ROUND(C5*0.2, 2) -> 1002834.8 | E5: =ROUND(C5-D5, 2) -> 4011339.1 | F5: =ROUND(E5*0.08, 2) -> 320907.12 | G5: =ROUND(D5+F5, 2) -> 1323741.9 | H5: =ROUND(E5-F5, 2) -> 3690431.9 | I5: =ROUND(H5*(0.34/1.34), 2) -> 936378.25 | J5: =ROUND(H5-I5, 2) -> 2754053.7 | K5: =+H5 -> 3690431.9
C7: Costos directes:
C8: Costos salarials - Salari Brut | D8: =J5 -> 2754053.7
C9: Costos salarials - Seguretat Social (34%) | D9: =I5 -> 936378.25
C10: TOTAL (Suma costos directes) | D10: =+K5 -> 3690431.9
C12: Costos indirectes:
C13: Despeses generals d’estructura (8%) | D13: =F5 -> 320907.12
C14: Benefici industrial (20%) | D14: =D5 -> 1002834.8
C15: TOTAL (Suma costos indirectes) | D15: =G5 -> 1323741.9
C17: TOTAL DE COSTOS (directes + indirectes): | D17: =D10+D15 -> 5014173.8

Sheet Taula LOT-SERV-APP
A1: Contracte | B1: Servei | C1: Aplicació | D1: Lot X | E1: 2 lots!!
A2: G0389 | B2: SER0044 | C2: APP0860-SAP Subvencions | D2: 2
A3: G0389 | B3: SER0044 | C3: APP0861-SAP Convenis | D3: 2
A4: G0389 | B4: SER0044 | C4: APP0943-Expedient bustia etica | D4: 2
A5: G0389 | B5: SER0412 | C5: APP0867-Recepció factura electrònica | D5: 2
A6: G0389 | B6: SER0412 | C6: APP0864-Emissio factura electrònica | D6: 2
A7: G0389 | B7: SER0411 | C7: APP0866-FENS | D7: 2
A8: G0389 | B8: SER0474 | C8: APP0896-Gestió de bestretes | D8: 2
A9: G0389 | B9: SER0473 | C9: APP0895-Expedients economics(core) | D9: 2
A10: G0389 | B10: SER0038 | C10: APP0150-Compres | D10: 2
A11: G0389 | B11: SER0474 | C11: APP0898-Autorització de viatges | D11: 2
A13: G0389 | B13: SER0031 | C13: APP0176-COPERNICO | D13: 1
A14: G0389 | B14: SER0031 | C14: APP0719-Digitalització actes del plenari | D14: 1
... A34: G0074 | B34: SER0150 | C34: APP0071-Autorització comissió de servei | D34: 1
A36: Quden fora d'abast:
A37: GR | B37: SER0028 | C37: APP0360-Inmagic | D37: No | E37: Producte
A38: GR | B38: SER0028 | C38: APP0859-Unicorn-hyperion | D38: No
A39: GR | B39: SER0028 | C39: APP0868-Albala | D39: No
A40: GR | B40: SER0044 | C40: APP0262-eSubvencions | D40: No | E40: Contrato a parte
A41: GR | B41: Governança de serveis i projectes | D41: No
A42: GR | B42: Governança de gestió d'actius | D42: No
A43: GR | B43: Bustia etica | D43: No
A45: G0026 | B45: SER0028 | C45: APP0858-BCNROC | D45: No | E45: Producte
A46: G0024 | B46: SER0204 | C46: APP0862-Gestió Actius | D46: No
A47: G0004 | B47: SER0032 | C47: APP0373-INFOLEX | D47: No | E47: Producte
A48: G0004 | B48: SER0032 | C48: APP0865-Infolex de consulta | D48: No | E48: Producte
A49: G0018 | B49: SER0046 | C49: APP0169-Consums energetics | D49: No
A50: G0018 | B50: SER0047 | C50: APP0421-Manteniment Edificis | D50: No
A51: ? | C51: BKM | D51: No | E51: Producte
A52: Mediacloud | B52: SER0031 | C52: APP0478-Organismes Municipals | D52: No

Sheet Taula Estimació de dades
A1: LOT 2
A2: Contracte | B2: Servei | C2: Aplicació | D2: h Manteniment correctiu | E2: Preu/hora | F2: € Manteniment correctiu | G2: h Manteniment recurrent | H2: Preu/hora | I2: € Manteniment recurrent | J2: h OT | K2: Preu/hora | L2: € OT | M2: DATA INICI NOUS SERVEIS
A3: G0389 | B3: SER0044 | C3: APP0860-SAP Subvencions | D3: 75.29 | E3: 53.57 | F3: =D3*E3 -> 4033.2853 | G3: 570 | H3: 53.57 | I3: =G3*H3 -> 30534.9 | J3: 96.7935 | K3: 57.5 | L3: =J3*K3 -> 5565.6263
A4: G0389 | B4: SER0044 | C4: APP0861-SAP Convenis | D4: 288.60029 | E4: 53.57 | F4: =D4*E4 -> 15460.317 | G4: 577.20058 | H4: 53.57 | I4: =G4*H4 -> 30920.635 | J4: 129.87013 | K4: 57.5 | L4: =J4*K4 -> 7467.5325
A5: G0389 | B5: SER0044 | C5: APP0943-Expedient bustia etica | D5: 29.106349 | E5: 53.57 | F5: =D5*E5 -> 1559.2271 | G5: 89.798846 | H5: 53.57 | I5: =G5*H5 -> 4810.5242 | J5: 17.835779 | K5: 57.5 | L5: =J5*K5 -> 1025.5573
A6: G0389 | B6: SER0412 | C6: APP0867-Recepció factura electrònica | D6: 200 | E6: 53.57 | F6: =D6*E6 -> 10714 | G6: 220 | H6: 53.57 | I6: =G6*H6 -> 11785.4 | J6: 63 | K6: 57.5 | L6: =J6*K6 -> 3622.5
A7: G0389 | B7: SER0412 | C7: APP0864-Emissio factura electrònica | D7: 36.492063 | E7: 53.57 | F7: =D7*E7 -> 1954.8798 | G7: 72.984127 | H7: 53.57 | I7: =G7*H7 -> 3909.7597 | J7: 16.421429 | K7: 57.5 | L7: =J7*K7 -> 944.23214
A8: G0389 | B8: SER0411 | C8: APP0866-FENS | D8: 20 | E8: 53.57 | F8: =D8*E8 -> 1071.4 | G8: 85 | H8: 53.57 | I8: =G8*H8 -> 4553.45 | J8: 15.75 | K8: 57.5 | L8: =J8*K8 -> 905.625
A9: G0389 | B9: SER0474 | C9: APP0896-Gestió de bestretes | D9: 103.671 | E9: 53.57 | F9: =D9*E9 -> 5553.6552 | G9: 434.23719 | H9: 53.57 | I9: =G9*H9 -> 23262.086 | J9: 80.686227 | K9: 57.5 | L9: =J9*K9 -> 4639.4581
A10: G0389 | B10: SER0473 | C10: APP0895-Expedients economics(core) | D10: 0 | E10: 53.57 | F10: =D10*E10 -> 0 | G10: 202.4 | H10: 53.57 | I10: =G10*H10 -> 10842.568 | J10: 30.36 | K10: 57.5 | L10: =J10*K10 -> 1745.7
A11: G0389 | B11: SER0038 | C11: APP0150-Compres | D11: 0 | E11: 53.57 | F11: =D11*E11 -> 0 | G11: 159.03 | H11: 53.57 | I11: =G11*H11 -> 8519.2371 | J11: 23.8545 | K11: 57.5 | L11: =J11*K11 -> 1371.6337 | N11: Varia de molt poc
A12: G0389 | B12: SER0474 | C12: APP0898-Autorització de viatges | D12: 0 | E12: 53.57 | F12: =D12*E12 -> 0 | G12: 0 | H12: 53.57 | I12: =G12*H12 -> 0 | J12: 0 | K12: 57.5 | L12: =J12*K12 -> 0
A13: GR | B13: SER0044 | C13: APP0262-eSubvencions | D13: 288.60029 | E13: 53.57 | F13: =D13*E13 -> 15460.317 | G13: 649.35065 | H13: 53.57 | I13: =G13*H13 -> 34785.714 | J13: 140.69264 | K13: 57.5 | L13: =J13*K13 -> 8089.8268 | M13: 43466
D14: =SUM(D3:D13) -> 1041.76 | F14: =SUM(F3:F13) -> 55807.082 | G14: =SUM(G3:G13) -> 3060.0014 | I14: =SUM(I3:I13) -> 163924.27 | J14: =SUM(J3:J13) -> 615.26421 | L14: =SUM(L3:L13) -> 35377.692
A16: A partir de 16/05/2018
A17: Contracte | B17: Servei | C17: Aplicació | D17: h Manteniment correctiu | E17: h A partir 16/05/2018 | F17: Preu/hora | G17: € Manteniment correctiu | H17: h Manteniment recurrent | I17: h A partir 16/05/2018 | J17: Preu/hora | K17: € Manteniment recurrent | L17: h OT | M17: h A partir 16/05/2018 | N17: Preu/hora | O17: € OT | P17: DATA INICI NOUS SERVEIS
A18: G0389 | B18: SER0044 | C18: APP0860-SAP Subvencions | D18: 75.29 | E18: =D18/365*197.5 -> 40.73911 | F18: 53.57 | G18: =E18*F18 -> 2182.3941 | H18: 570 | I18: =H18/365*197.5 -> 308.42466 | J18: 53.57 | K18: =I18*J18 -> 16522.309 | L18: 96.7935 | M18: =L18/365*197.5 -> 52.374565 | N18: 57.5 | O18: =M18*N18 -> 3011.5375
A19: G0389 | B19: SER0044 | C19: APP0861-SAP Convenis | D19: 288.60029 | E19: =D19/365*197.5 -> 156.16043 | F19: 53.57 | G19: =E19*F19 -> 8365.5142 | H19: 577.20058 | I19: =H19/365*197.5 -> 312.32086 | J19: 53.57 | K19: =I19*J19 -> 16731.028 | L19: 129.87013 | M19: =L19/365*197.5 -> 70.272194 | N19: 57.5 | O19: =M19*N19 -> 4040.6511
A20: G0389 | B20: SER0044 | C20: APP0943-Expedient bustia etica | D20: 29.106349 | E20: =D20/365*197.5 -> 15.749326 | F20: 53.57 | G20: =E20*F20 -> 843.69139 | H20: 89.798846 | I20: =H20/365*197.5 -> 48.589786 | J20: 53.57 | K20: =I20*J20 -> 2602.9549 | L20: 17.835779 | M20: =L20/365*197.5 -> 9.6508668 | N20: 57.5 | O20: =M20*N20 -> 554.92484
A21: G0389 | B21: SER0412 | C21: APP0867-Recepció factura electrònica | D21: 200 | E21: =D21/365*197.5 -> 108.21918 | F21: 53.57 | G21: =E21*F21 -> 5797.3014 | H21: 220 | I21: =H21/365*197.5 -> 119.0411 | J21: 53.57 | K21: =I21*J21 -> 6377.0315 | L21: 63 | M21: =L21/365*197.5 -> 34.089041 | N21: 57.5 | O21: =M21*N21 -> 1960.1199
A22: G0389 | B22: SER0412 | C22: APP0864-Emissio factura electrònica | D22: 36.492063 | E22: =D22/365*197.5 -> 19.745706 | F22: 53.57 | G22: =E22*F22 -> 1057.7774 | H22: 72.984127 | I22: =H22/365*197.5 -> 39.491411 | J22: 53.57 | K22: =I22*J22 -> 2115.5549 | L22: 16.421429 | M22: =L22/365*197.5 -> 8.8855675 | N22: 57.5 | O22: =M22*N22 -> 510.92013
A23: G0389 | B23: SER0411 | C23: APP0866-FENS | D23: 20 | E23: =D23/365*197.5 -> 10.821918 | F23: 53.57 | G23: =E23*F23 -> 579.73014 | H23: 85 | I23: =H23/365*197.5 -> 45.993151 | J23: 53.57 | K23: =I23*J23 -> 2463.8531 | L23: 15.75 | M23: =L23/365*197.5 -> 8.5222603 | N23: 57.5 | O23: =M23*N23 -> 490.02997
A24: G0389 | B24: SER0474 | C24: APP0896-Gestió de bestretes | D24: 103.671 | E24: =D24/365*197.5 -> 56.09595 | F24: 53.57 | G24: =E24*F24 -> 3005.06 | H24: 434.23719 | I24: =H24/365*197.5 -> 234.96396 | J24: 53.57 | K24: =I24*J24 -> 12587.019 | L24: 80.686227 | M24: =L24/365*197.5 -> 43.658986 | N24: 57.5 | O24: =M24*N24 -> 2510.3917
A25: G0389 | B25: SER0473 | C25: APP0895-Expedients economics(core) | D25: 0 | E25: =D25/365*197.5 -> 0 | F25: 53.57 | G25: =E25*F25 -> 0 | H25: 202.4 | I25: =H25/365*197.5 -> 109.51781 | J25: 53.57 | K25: =I25*J25 -> 5866.869 | L25: 30.36 | M25: =L25/365*197.5 -> 16.427671 | N25: 57.5 | O25: =M25*N25 -> 944.5911
A26: G0389 | B26: SER0038 | C26: APP0150-Compres | D26: 0 | E26: =D26/365*197.5 -> 0 | F26: 53.57 | G26: =E26*F26 -> 0 | H26: 159.03 | I26: =H26/365*197.5 -> 86.050479 | J26: 53.57 | K26: =I26*J26 -> 4609.7242 | L26: 23.8545 | M26: =L26/365*197.5 -> 12.907572 | N26: 57.5 | O26: =M26*N26 -> 742.18539 | Q26: Varia de molt poc
A27: G0389 | B27: SER0474 | C27: APP0898-Autorització de viatges | D27: 0 | E27: =D27/365*197.5 -> 0 | F27: 53.57 | G27: =E27*F27 -> 0 | H27: 0 | I27: =H27/365*197.5 -> 0 | J27: 53.57 | K27: =I27*J27 -> 0 | L27: 0 | M27: =L27/365*197.5 -> 0 | N27: 57.5 | O27: =M27*N27 -> 0
A28: GR | B28: SER0044 | C28: APP0262-eSubvencions | D28: 288.60029 | E28: =D28/365*197.5 -> 156.16043 | F28: 53.57 | G28: =E28*F28 -> 8365.5142 | H28: 649.35065 | I28: =H28/365*197.5 -> 351.36097 | J28: 53.57 | K28: =I28*J28 -> 18822.407 | L28: 140.69264 | M28: =L28/365*197.5 -> 76.12821 | N28: 57.5 | O28: =M28*N28 -> 4377.3721 | P28: 43466
E29: =SUM(E18:E28) -> 563.69205 | G29: =SUM(G18:G28) -> 30196.983 | I29: =SUM(I18:I28) -> 1655.7542 | K29: =SUM(K18:K28) -> 88698.751 | M29: =SUM(M18:M28) -> 332.91693 | O29: =SUM(O18:O28) -> 19142.724
A30: GERÈNCIA DE RECURSOS (GR) LOT2 SAP | B30: Glòria Santamaria | C30: 321139.87 | D30: =+C30*3 -> 963419.62 | G30: =+D30/36*M30*0.25 -> 13380.828 | H30: 0 | J30: =+D30+G30+H30 -> 976800.45 | K30: S | M30: 2 | N30: 43101 | O30: 43236 | P30: 43236 | Q30: 43297
F32: CORR-RECU-OT | G32: TRANS
E33: 2018 | F33: =G29+K29+O29 -> 138038.46 | G33: =G30 -> 13380.828
E34: 2019 | F34: =F14+I14+L14 -> 255109.05
E35: 2020 | F35: =F14+I14+L14 -> 255109.05
E36: 2021 | F36: =F14+I14+L14 -> 255109.05
F37: =SUM(F33:F36) -> 903365.6 | G37: =SUM(G33:G36) -> 13380.828 | H37: =F37+G37 -> 916746.43
A39: LOT 1
A40: Contracte | B40: Servei | C40: Aplicació | D40: h Manteniment correctiu | E40: Preu/hora | F40: € Manteniment correctiu | G40: h Manteniment recurrent | H40: Preu/hora | I40: € Manteniment recurrent | J40: h OT | K40: Preu/hora | L40: € OT | M40: DATA INICI NOUS SERVEIS
A41: G0389 | B41: SER0031 | C41: APP0176-COPERNICO | D41: 209.25492 | E41: 46.59 | F41: =D41*E41 -> 9749.1868 | G41: 982.79691 | H41: 49.95 | I41: =G41*H41 -> 49090.706 | J41: 178.80777 | K41: 57.5 | L41: =J41*K41 -> 10281.447
A42: G0389 | B42: SER0031 | C42: APP0719-Digitalització actes del plenari | D42: 72.916667 | E42: 46.59 | F42: =D42*E42 -> 3397.1875 | G42: 853.57417 | H42: 49.95 | I42: =G42*H42 -> 42636.03 | J42: 138.97362 | K42: 57.5 | L42: =J42*K42 -> 7990.9834
A43: G0389 | B43: SER0031 | C43: APP0295-GASETA | D43: 161.31323 | E43: 46.59 | F43: =D43*E43 -> 7515.5835 | G43: 739.83205 | H43: 49.95 | I43: =G43*H43 -> 36954.611 | J43: 135.17179 | K43: 57.5 | L43: =J43*K43 -> 7772.378
A44: G0389 | B44: SER0153 | C44: APP0668-Tauler d'Edictes | D44: 43.75 | E44: 46.59 | F44: =D44*E44 -> 2038.3125 | G44: 688.42667 | H44: 49.95 | I44: =G44*H44 -> 34386.912 | J44: 109.8265 | K44: 57.5 | L44: =J44*K44 -> 6315.0237
A45: G0080 | B45: SER0031 | C45: APP0233-eDecrets | D45: 63.135559 | E45: 46.59 | F45: =D45*E45 -> 2941.4857 | G45: 174.43309 | H45: 49.95 | I45: =G45*H45 -> 8712.933 | J45: 35.635298 | K45: 57.5 | L45: =J45*K45 -> 2049.0296
A46: G0080 | B46: SER0031 | C46: APP0942-eDecretIns | D46: 63.135559 | E46: 46.59 | F46: =D46*E46 -> 2941.4857 | G46: 174.43309 | H46: 49.95 | I46: =G46*H46 -> 8712.933 | J46: 35.635298 | K46: 57.5 | L46: =J46*K46 -> 2049.0296
A47: G0079 | B47: SER0031 | C47: APP0340-GPD | D47: 201.75654 | E47: 46.59 | F47: =D47*E47 -> 9399.8373 | G47: 498.38026 | H47: 49.95 | I47: =G47*H47 -> 24894.094 | J47: 105.02052 | K47: 57.5 | L47: =J47*K47 -> 6038.6799
A48: H0094 | B48: SER0031 | C48: Nou registre d'interessos | D48: 199.35211 | E48: 46.59 | F48: =D48*E48 -> 9287.8146 | G48: 375.47097 | H48: 49.95 | I48: =G48*H48 -> 18754.775 | J48: 86.223461 | K48: 57.5 | L48: =J48*K48 -> 4957.849
A49: G0519 | B49: SER0414 | C49: Nou sistema d'alcaldia | D49: 996.76053 | E49: 46.59 | F49: =D49*E49 -> 46439.073 | G49: 1993.5211 | H49: 49.95 | I49: =G49*H49 -> 99576.377 | J49: 448.54224 | K49: 57.5 | L49: =J49*K49 -> 25791.179 | M49: 43405
A50: Projecte nou | C50: Nou expedient de bustia etica | D50: 249.19013 | E50: 46.59 | F50: =D50*E50 -> 11609.768 | G50: 747.5704 | H50: 49.95 | I50: =G50*H50 -> 37341.141 | J50: 149.51408 | K50: 57.5 | L50: =J50*K50 -> 8597.0596 | M50: 43252
A51: Projecte nou | C51: Nou organismes municipals | D51: 124.59507 | E51: 46.59 | F51: =D51*E51 -> 5804.8841 | G51: 498.38026 | H51: 49.95 | I51: =G51*H51 -> 24894.094 | J51: 93.4463 | K51: 57.5 | L51: =J51*K51 -> 5373.1622 | M51: 43252
A52: Projecte nou | C52: Nou GRA | D52: 124.59507 | E52: 46.59 | F52: =D52*E52 -> 5804.8841 | G52: 498.38026 | H52: 49.95 | I52: =G52*H52 -> 24894.094 | J52: 93.4463 | K52: 57.5 | L52: =J52*K52 -> 5373.1622 | M52: 43252
A54: G0080 | B54: SER0031 | C54: APP0591-RIS Unions civils | D54: 10.601545 | E54: 46.59 | F54: =D54*E54 -> 493.92598 | G54: 0 | H54: 49.95 | I54: =G54*H54 -> 0 | J54: 1.5902317 | K54: 57.5 | L54: =J54*K54 -> 91.438325
A55: G0080 | B55: SER0027 | C55: APP0571-RecGUB | D55: 85.016197 | E55: 46.59 | F55: =D55*E55 -> 3960.9046 | G55: 0 | H55: 49.95 | I55: =G55*H55 -> 0 | J55: 12.75243 | K55: 57.5 | L55: =J55*K55 -> 733.2647
A56: G0074 | B56: SER0027 | C56: APP0579-RIS centralitzat | D56: 28.842263 | E56: 46.59 | F56: =D56*E56 -> 1343.761 | G56: 0 | H56: 49.95 | I56: =G56*H56 -> 0 | J56: 4.3263394 | K56: 57.5 | L56: =J56*K56 -> 248.76452
A57: G0080 | B57: SER0032 | C57: APP0341-GRA | D57: 0 | E57: 46.59 | F57: =D57*E57 -> 0 | G57: 0 | H57: 49.95 | I57: =G57*H57 -> 0 | J57: 0 | K57: 57.5 | L57: =J57*K57 -> 0
A58: G0080 | B58: SER0413 | C58: APP0702-VIPS | D58: 0 | E58: 46.59 | F58: =D58*E58 -> 0 | G58: 121.44256 | H58: 49.95 | I58: =G58*H58 -> 6066.056 | J58: 18.216384 | K58: 57.5 | L58: =J58*K58 -> 1047.4421
A59: G0080 | B59: SER0413 | C59: APP0900 - ORGA | D59: 0 | E59: 46.59 | F59: =D59*E59 -> 0 | G59: 0 | H59: 49.95 | I59: =G59*H59 -> 0 | J59: 0 | K59: 57.5 | L59: =J59*K59 -> 0
A60: G0080 | B60: SER0413 | C60: APP0899 SIAP | D60: 0 | E60: 46.59 | F60: =D60*E60 -> 0 | G60: 0 | H60: 49.95 | I60: =G60*H60 -> 0 | J60: 0 | K60: 57.5 | L60: =J60*K60 -> 0
A61: G0080 | B61: SER0413 | C61: APP0896 VERDI | D61: 0 | E61: 46.59 | F61: =D61*E61 -> 0 | G61: 0 | H61: 49.95 | I61: =G61*H61 -> 0 | J61: 0 | K61: 57.5 | L61: =J61*K61 -> 0
A62: G0080 | B62: SER0414 | C62: APP0592-RISPLUS | D62: 654.49265 | E62: 46.59 | F62: =D62*E62 -> 30492.813 | G62: 747.5704 | H62: 49.95 | I62: =G62*H62 -> 37341.141 | J62: 210.30946 | K62: 57.5 | L62: =J62*K62 -> 12092.794
A63: G0074 | B63: SER0414 | C63: APP0294-GALIOT consulta històric | D63: 25.73237 | E63: 46.59 | F63: =D63*E63 -> 1198.8711 | G63: 0 | H63: 49.95 | I63: =G63*H63 -> 0 | J63: 3.8598555 | K63: 57.5 | L63: =J63*K63 -> 221.94169
D64: =SUM(D41:D63) -> 3314.4404 | F64: =SUM(F41:F63) -> 154419.78 | G64: =SUM(G41:G63) -> 9094.2121 | I64: =SUM(I41:I63) -> 454255.9 | J64: =SUM(J41:J63) -> 1861.2979 | L64: =SUM(L41:L63) -> 107024.63
A66: A partir de 16/05/2018
A67: Contracte | B67: Servei | C67: Aplicació | D67: h Manteniment correctiu | E67: h A partir 16/05/2018 | F67: Preu/hora | G67: € Manteniment correctiu | H67: h Manteniment recurrent | I67: h A partir 16/05/2018 | J67: Preu/hora | K67: € Manteniment recurrent | L67: h OT | M67: h A partir 16/05/2018 | N67: Preu/hora | O67: € OT | P67: DATA INICI NOUS SERVEIS
A68: G0389 | B68: SER0031 | C68: APP0176-COPERNICO | D68: 209.25492 | E68: =D68/365*197.5 -> 113.22698 | F68: 46.59 | G68: =E68*F68 -> 5275.2449 | H68: 982.79691 | I68: =H68/365*197.5 -> 531.78737 | J68: 49.95 | K68: =I68*J68 -> 26562.779 | L68: 178.80777 | M68: =L68/365*197.5 -> 96.752152 | N68: 57.5 | O68: =M68*N68 -> 5563.2487
A69: G0389 | B69: SER0031 | C69: APP0719-Digitalització actes del plenari | D69: 72.916667 | E69: =D69/365*197.5 -> 39.454909 | F69: 46.59 | G69: =E69*F69 -> 1838.2042 | H69: 853.57417 | I69: =H69/365*197.5 -> 461.86547 | J69: 49.95 | K69: =I69*J69 -> 23070.18 | L69: 138.97362 | M69: =L69/365*197.5 -> 75.198057 | N69: 57.5 | O69: =M69*N69 -> 4323.8883
A70: G0389 | B70: SER0031 | C70: APP0295-GASETA | D70: 161.31323 | E70: =D70/365*197.5 -> 87.285927 | F70: 46.59 | G70: =E70*F70 -> 4066.6513 | H70: 739.83205 | I70: =H70/365*197.5 -> 400.32008 | J70: 49.95 | K70: =I70*J70 -> 19995.988 | L70: 135.17179 | M70: =L70/365*197.5 -> 73.140901 | N70: 57.5 | O70: =M70*N70 -> 4205.6018
A71: G0389 | B71: SER0153 | C71: APP0668-Tauler d'Edictes | D71: 43.75 | E71: =D71/365*197.5 -> 23.672945 | F71: 46.59 | G71: =E71*F71 -> 1102.9225 | H71: 688.42667 | I71: =H71/365*197.5 -> 372.50484 | J71: 49.95 | K71: =I71*J71 -> 18606.617 | L71: 109.8265 | M71: =L71/365*197.5 -> 59.426668 | N71: 57.5 | O71: =M71*N71 -> 3417.0334
A72: G0080 | B72: SER0031 | C72: APP0233-eDecrets | D72: 63.135559 | E72: =D72/365*197.5 -> 34.162392 | F72: 46.59 | G72: =E72*F72 -> 1591.6258 | H72: 174.43309 | I72: =H72/365*197.5 -> 94.385029 | J72: 49.95 | K72: =I72*J72 -> 4714.5322 | L72: 35.635298 | M72: =L72/365*197.5 -> 19.282113 | N72: 57.5 | O72: =M72*N72 -> 1108.7215
A73: G0080 | B73: SER0031 | C73: APP0942-eDecretIns | D73: 63.135559 | E73: =D73/365*197.5 -> 34.162392 | F73: 46.59 | G73: =E73*F73 -> 1591.6258 | H73: 174.43309 | I73: =H73/365*197.5 -> 94.385029 | J73: 49.95 | K73: =I73*J73 -> 4714.5322 | L73: 35.635298 | M73: =L73/365*197.5 -> 19.282113 | N73: 57.5 | O73: =M73*N73 -> 1108.7215
A74: G0079 | B74: SER0031 | C74: APP0340-GPD | D74: 201.75654 | E74: =D74/365*197.5 -> 109.16964 | F74: 46.59 | G74: =E74*F74 -> 5086.2133 | H74: 498.38026 | I74: =H74/365*197.5 -> 269.67151 | J74: 49.95 | K74: =I74*J74 -> 13470.092 | L74: 105.02052 | M74: =L74/365*197.5 -> 56.826172 | N74: 57.5 | O74: =M74*N74 -> 3267.5049
A75: H0094 | B75: SER0031 | C75: Nou registre d'interessos | D75: 199.35211 | E75: =D75/365*197.5 -> 107.86861 | F75: 46.59 | G75: =E75*F75 -> 5025.5983 | H75: 375.47097 | I75: =H75/365*197.5 -> 203.1658 | J75: 49.95 | K75: =I75*J75 -> 10148.132 | L75: 86.223461 | M75: =L75/365*197.5 -> 46.655161 | N75: 57.5 | O75: =M75*N75 -> 2682.6717
A76: G0519 | B76: SER0414 | C76: Nou sistema d'alcaldia | D76: 996.76053 | E76: =D76/365*197.5 -> 539.34303 | F76: 46.59 | G76: =E76*F76 -> 25127.992 | H76: 1993.5211 | I76: =H76/365*197.5 -> 1078.6861 | J76: 49.95 | K76: =I76*J76 -> 53880.368 | L76: 448.54224 | M76: =L76/365*197.5 -> 242.70436 | N76: 57.5 | O76: =M76*N76 -> 13955.501 | P76: 43405
A77: Projecte nou | C77: Nou expedient de bustia etica | D77: 249.19013 | E77: =D77/365*197.5 -> 134.83576 | F77: 46.59 | G77: =E77*F77 -> 6281.9979 | H77: 747.5704 | I77: =H77/365*197.5 -> 404.50727 | J77: 49.95 | K77: =I77*J77 -> 20205.138 | L77: 149.51408 | M77: =L77/365*197.5 -> 80.901454 | N77: 57.5 | O77: =M77*N77 -> 4651.8336 | P77: 43252
A78: Projecte nou | C78: Nou organismes municipals | D78: 124.59507 | E78: =D78/365*197.5 -> 67.417878 | F78: 46.59 | G78: =E78*F78 -> 3140.9989 | H78: 498.38026 | I78: =H78/365*197.5 -> 269.67151 | J78: 49.95 | K78: =I78*J78 -> 13470.092 | L78: 93.4463 | M78: =L78/365*197.5 -> 50.563409 | N78: 57.5 | O78: =M78*N78 -> 2907.396 | P78: 43252
A79: Projecte nou | C79: Nou GRA | D79: 124.59507 | E79: =D79/365*197.5 -> 67.417878 | F79: 46.59 | G79: =E79*F79 -> 3140.9989 | H79: 498.38026 | I79: =H79/365*197.5 -> 269.67151 | J79: 49.95 | K79: =I79*J79 -> 13470.092 | L79: 93.4463 | M79: =L79/365*197.5 -> 50.563409 | N79: 57.5 | O79: =M79*N79 -> 2907.396 | P79: 43252
A81: G0080 | B81: SER0031 | C81: APP0591-RIS Unions civils | D81: 10.601545 | E81: =D81/365*197.5 -> 5.7364524 | F81: 46.59 | G81: =E81*F81 -> 267.26132 | H81: 0 | I81: =H81/365*197.5 -> 0 | J81: 49.95 | K81: =I81*J81 -> 0 | L81: 1.5902317 | M81: =L81/365*197.5 -> 0.86046786 | N81: 57.5 | O81: =M81*N81 -> 49.476902
A82: G0080 | B82: SER0027 | C82: APP0571-RecGUB | D82: 85.016197 | E82: =D82/365*197.5 -> 46.001915 | F82: 46.59 | G82: =E82*F82 -> 2143.2292 | H82: 0 | I82: =H82/365*197.5 -> 0 | J82: 49.95 | K82: =I82*J82 -> 0 | L82: 12.75243 | M82: =L82/365*197.5 -> 6.9002873 | N82: 57.5 | O82: =M82*N82 -> 396.76652
A83: G0074 | B83: SER0027 | C83: APP0579-RIS centralitzat | D83: 28.842263 | E83: =D83/365*197.5 -> 15.60643 | F83: 46.59 | G83: =E83*F83 -> 727.10356 | H83: 0 | I83: =H83/365*197.5 -> 0 | J83: 49.95 | K83: =I83*J83 -> 0 | L83: 4.3263394 | M83: =L83/365*197.5 -> 2.3409645 | N83: 57.5 | O83: =M83*N83 -> 134.60546
A84: G0080 | B84: SER0032 | C84: APP0341-GRA | D84: 0 | E84: =D84/365*197.5 -> 0 | F84: 46.59 | G84: =E84*F84 -> 0 | H84: 0 | I84: =H84/365*197.5 -> 0 | J84: 49.95 | K84: =I84*J84 -> 0 | L84: 0 | M84: =L84/365*197.5 -> 0 | N84: 57.5 | O84: =M84*N84 -> 0
A85: G0080 | B85: SER0413 | C85: APP0702-VIPS | D85: 0 | E85: =D85/365*197.5 -> 0 | F85: 46.59 | G85: =E85*F85 -> 0 | H85: 121.44256 | I85: =H85/365*197.5 -> 65.712071 | J85: 49.95 | K85: =I85*J85 -> 3282.3179 | L85: 18.216384 | M85: =L85/365*197.5 -> 9.8568107 | N85: 57.5 | O85: =M85*N85 -> 566.76661
A86: G0080 | B86: SER0413 | C86: APP0900 - ORGA | D86: 0 | E86: =D86/365*197.5 -> 0 | F86: 46.59 | G86: =E86*F86 -> 0 | H86: 0 | I86: =H86/365*197.5 -> 0 | J86: 49.95 | K86: =I86*J86 -> 0 | L86: 0 | M86: =L86/365*197.5 -> 0 | N86: 57.5 | O86: =M86*N86 -> 0
A87: G0080 | B87: SER0413 | C87: APP0899 SIAP | D87: 0 | E87: =D87/365*197.5 -> 0 | F87: 46.59 | G87: =E87*F87 -> 0 | H87: 0 | I87: =H87/365*197.5 -> 0 | J87: 49.95 | K87: =I87*J87 -> 0 | L87: 0 | M87: =L87/365*197.5 -> 0 | N87: 57.5 | O87: =M87*N87 -> 0
A88: G0080 | B88: SER0413 | C88: APP0896 VERDI | D88: 0 | E88: =D88/365*197.5 -> 0 | F88: 46.59 | G88: =E88*F88 -> 0 | H88: 0 | I88: =H88/365*197.5 -> 0 | J88: 49.95 | K88: =I88*J88 -> 0 | L88: 0 | M88: =L88/365*197.5 -> 0 | N88: 57.5 | O88: =M88*N88 -> 0
A89: G0080 | B89: SER0414 | C89: APP0592-RISPLUS | D89: 654.49265 | E89: =D89/365*197.5 -> 354.14328 | F89: 46.59 | G89: =E89*F89 -> 16499.536 | H89: 747.5704 | I89: =H89/365*197.5 -> 404.50727 | J89: 49.95 | K89: =I89*J89 -> 20205.138 | L89: 210.30946 | M89: =L89/365*197.5 -> 113.79758 | N89: 57.5 | O89: =M89*N89 -> 6543.361
A90: G0074 | B90: SER0414 | C90: APP0294-GALIOT consulta històric | D90: 25.73237 | E90: =D90/365*197.5 -> 13.92368 | F90: 46.59 | G90: =E90*F90 -> 648.70423 | H90: 0 | I90: =H90/365*197.5 -> 0 | J90: 49.95 | K90: =I90*J90 -> 0 | L90: 3.8598555 | M90: =L90/365*197.5 -> 2.0885519 | N90: 57.5 | O90: =M90*N90 -> 120.09174
E91: =SUM(E68:E90) -> 1793.4301 | G91: =SUM(G68:G90) -> 83555.907 | I91: =SUM(I68:I90) -> 4920.8408 | K91: =SUM(K68:K90) -> 245796 | M91: =SUM(M68:M90) -> 1007.1406 | O91: =SUM(O68:O90) -> 57910.587
A92: GERÈNCIA DE RECURSOS (GR) LOT1 J2EE | B92: Glòria Santamaria | C92: 582484.78 | D92: =+C92*3 -> 1747454.3 | G92: =+D92/36*M92*0.25 -> 24270.199 | H92: 0 | J92: =+D92+G92+H92 -> 1771724.5 | K92: S | M92: 2 | N92: 43101 | O92: 43236 | P92: 43236 | Q92: 43297
F94: CORR-RECU-OT | G94: TRANS
E95: 2018 | F95: =G91+K91+O91 -> 387262.49 | G95: =G92 -> 24270.199
E96: 2019 | F96: =F64+I64+L64 -> 715700.3
E97: 2020 | F97: =F64+I64+L64 -> 715700.3
E98: 2021 | F98: =F64+I64+L64 -> 715700.3
F99: =SUM(F95:F98) -> 2534363.4 | G99: =SUM(G95:G98) -> 24270.199 | H99: =F99+G99 -> 2558633.6
A104: Queden fora els següents manteniments:
A105: GR | B105: SER0028 | C105: APP0360-Inmagic | G105: 6000
A106: GR | B106: SER0028 | C106: APP0859-Unicorn-hyperion | G106: 11459.83
A107: GR | B107: SER0028 | C107: APP0868-Albala | G107: 21244.99
A108: GR | B108: SER0044 | C108: APP0262-eSubvencions | G108: 60000
A109: GR | B109: Governança de serveis i projectes | G109: 170000
A110: GR | B110: Governança de gestió d'actius | G110: 44000
A111: GR | B111: Bustia etica | G111: 6000
...

Sheet Hoja2

Sheet Agrupacions
B2: Equip/Agrupació | C2: Aplicació
B3: Equip 1 Drets Socials, IMPD, Escoles i Esports | C3: Equip d'Assessorament Laboral
C4: Promoció i suport IMPD
C5: Cens Persones amb Discapacitat
C6: SAIER
C7: Targetes reserva estacionament i transport especial
C8: Simulador les meves ajudes
C9: Xarxa Col·laborativa (XaC) - Administració Azure
C10: Gestor peticions JIRA QVI
C11: Abordatge Integral Treball Sexual
C12: Gestió beques campanya vacances estiu infants
C13: Campanya Viatges Gent Gran
C14: Gestió Informes Arrelament
C15: Gestió Informes Habitatge
... C21: Campanya d'esports
B22: Equip 2 Phyton | C22: Conjunt aplicatius PDS ibe
C23: IRIS Mòbil
C24: Troballes
C25: Incidències reclamacions i Suggeriments Internet (IRIS)_2021
C26: Nou Fitxer d'Entitats
C27: Aplicació de tràmits de Quioscos
C28: Avantprojecte
C29: Peanyes (aplicació)
C30: Centre d'acollida d'animals de companyia
B31: Equip 3 Atenció Ciutadana i Bústia | C31: Escriptori d'Atenció Ciutadana
C32: Sistemes d'informació, tràmits i gestions (ITACA)
C33: Auto-tramitació
C34: RAT
C35: QDOC. Normes ISO
C36: G-Bustia
B37: Equip 4 Intervenció Social | C37: DSSIEP
C38: Avaluacions
C39: Equipaments
C40: DOMUS
C41: SAD
C42: Dependència
C43: Teleassistència
C44: SARA
C45: ICR
C46: Sense Sostre
C47: Ajuts Econòmics
B48: Equip 5 Atenció Social, Urgències i Recursos | C48: Ajuts Infància
C49: Menjadors
C50: CUESB
C51: SIRIUS
B52: Equip 6 Transversal Drets Socials | C52: Sistema d'Informació Acció Social SIAS
C53: SIAS Serveis
C54: CINTRAOS
C55: Oficina tècnica d'arquitectura Drets Socials
C56: Agents externs
C57: Administració
C58: Eina data quality
C59: Consulta i acreditacions
C60: ETLs
C61: Campanyes
